Workbook

Sheet 3.ВС (2)
H1: Приложение 3
H2: к Решению Клетнянского районного Совета народных депутатов "О бюджете Клетнянского муниципального района Брянской области на 2026 год и на плановый период 2027 и 2028 годов
A3: Ведомственная структура расходов бюджета Клетнянского муниципального района Брянской области на 2026 год и на плановый период 2027 и 2028 годов
L4: рублей
A5: Наименование | E5: Гл | F5: Рз | G5: Пр | H5: ЦСР | I5: ВР | J5: 2026 год | K5: 2027 год | L5: 2028 год
A7: Администрация Клетнянского района | E7: 851 | J7: =J8+J84+J91+J103+J136+J148+J153+J167+J204+J218 -> 1.5841859e+08 | K7: =K8+K84+K91+K103+K136+K148+K153+K167+K204+K218 -> 1.7946826e+08 | L7: =L8+L84+L91+L103+L136+L148+L153+L167+L204+L218 -> 1.4674778e+08
A8: Общегосударственные вопросы | E8: 851 | F8: 01 | J8: =J9+J67+J71 -> 47265937 | K8: =K9+K67+K71 -> 42654266 | L8: =L9+L67+L71 -> 42654620
A9: Функционирование Правительства Российской Федерации, высших исполнительных органов субъектов Российской Федерации, местных администраций | E9: 851 | F9: 01 | G9: 04 | J9: =J10+J15+J20+J23+J28+J33+J36+J52+J43+J46+J49+J55+J58+J61+J64 -> 41242558 | K9: =K10+K15+K20+K23+K28+K33+K36+K52+K43+K46+K49+K55+K58+K61+K64 -> 37253558 | L9: =L10+L15+L20+L23+L28+L33+L36+L52+L43+L46+L49+L55+L58+L61+L64 -> 37253558
A10: Осуществление отдельных государственных полномочий Брянской области в сфере деятельности по профилактике безнадзорности и правонарушений несовершеннолетних, организации деятельности административных комиссий и определения перечня должностных лиц органов местного самоуправления, уполномоченных составлять протоколы об административных правонарушениях (осуществление отдельных государственных полномочий Брянской области в сфере деятельности по профилактике безнадзорности и правонарушений несовершеннолетних) | E10: 851 | F10: 01 | G10: 04 | H10: 51 4 01 12021 | J10: =J11+J13 -> 766676 | K10: =K11+K13 -> 766676 | L10: =L11+L13 -> 766676
A11: Расходы на выплаты персоналу в целях обеспечения выполнения функций государственными (муниципальными) органами, казенными учреждениями, органами управления государственными внебюджетными фондами | E11: 851 | F11: 01 | G11: 04 | H11: 51 4 01 12021 | I11: 100 | J11: =J12 -> 747400 | K11: =K12 -> 747400 | L11: =L12 -> 747400
A12: Расходы на выплаты персоналу государственных (муниципальных) органов | E12: 851 | F12: 01 | G12: 04 | H12: 51 4 01 12021 | I12: 120 | J12: 747400 | K12: 747400 | L12: 747400
A13: Закупка товаров, работ и услуг для обеспечения государственных (муниципальных) нужд | E13: 851 | F13: 01 | G13: 04 | H13: 51 4 01 12021 | I13: 200 | J13: =J14 -> 19276 | K13: =K14 -> 19276 | L13: =L14 -> 19276
A14: Иные закупки товаров, работ и услуг для обеспечения государственных (муниципальных) нужд | E14: 851 | F14: 01 | G14: 04 | H14: 51 4 01 12021 | I14: 240 | J14: 19276 | K14: 19276 | L14: 19276
A15: Осуществление отдельных государственных полномочий Брянской области в сфере деятельности по профилактике безнадзорности и правонарушений несовершеннолетних, организации деятельности административных комиссий и определения перечня должностных лиц органов местного самоуправления, уполномоченных составлять протоколы об административных правонарушениях (осуществление отдельных государственных полномочий Брянской области по организации деятельности административных комиссий) | E15: 851 | F15: 01 | G15: 04 | H15: 51 4 01 12022 | J15: =J16+J18 -> 766676 | K15: =K16+K18 -> 766676 | L15: =L16+L18 -> 766676
A16: Расходы на выплаты персоналу в целях обеспечения выполнения функций государственными (муниципальными) органами, казенными учреждениями, органами управления государственными внебюджетными фондами | E16: 851 | F16: 01 | G16: 04 | H16: 51 4 01 12022 | I16: 100 | J16: =J17 -> 704100 | K16: =K17 -> 704100 | L16: =L17 -> 704100
A17: Расходы на выплаты персоналу государственных (муниципальных) органов | E17: 851 | F17: 01 | G17: 04 | H17: 51 4 01 12022 | I17: 120 | J17: 704100 | K17: 704100 | L17: 704100
A18: Закупка товаров, работ и услуг для обеспечения государственных (муниципальных) нужд | E18: 851 | F18: 01 | G18: 04 | H18: 51 4 01 12022 | I18: 200 | J18: =J19 -> 62576 | K18: =K19 -> 62576 | L18: =L19 -> 62576
A19: Иные закупки товаров, работ и услуг для обеспечения государственных (муниципальных) нужд | E19: 851 | F19: 01 | G19: 04 | H19: 51 4 01 12022 | I19: 240 | J19: 62576 | K19: 62576 | L19: 62576
A20: Осуществление отдельных государственных полномочий Брянской области в сфере деятельности по профилактике безнадзорности и правонарушений несовершеннолетних, организации деятельности административных комиссий и определения перечня должностных лиц органов местного самоуправления, уполномоченных составлять протоколы об административных правонарушениях (осуществление отдельных государственных полномочий Брянской области по определению перечня должностных лиц органов местного самоуправления, уполномоченных составлять протоколы об административных правонарушениях) | E20: 851 | F20: 01 | G20: 04 | H20: 51 4 01 12023 | J20: =J21 -> 400 | K20: =K21 -> 400 | L20: =L21 -> 400
A21: Закупка товаров, работ и услуг для обеспечения государственных (муниципальных) нужд | E21: 851 | F21: 01 | G21: 04 | H21: 51 4 01 12023 | I21: 200 | J21: =J22 -> 400 | K21: =K22 -> 400 | L21: =L22 -> 400
A22: Иные закупки товаров, работ и услуг для обеспечения государственных (муниципальных) нужд | E22: 851 | F22: 01 | G22: 04 | H22: 51 4 01 12023 | I22: 240 | J22: 400 | K22: 400 | L22: 400
A23: Установление регулируемых тарифов на регулярные перевозки пассажиров и багажа автомобильным транспортом и городским наземным электрическим транспортом по муниципальным маршрутам регулярных перевозок | E23: 851 | F23: 01 | G23: 04 | H23: 51 4 01 17390 | J23: =J24+J26 -> 76668 | K23: =K24+K26 -> 76668 | L23: =L24+L26 -> 76668
A24: Расходы на выплаты персоналу в целях обеспечения выполнения функций государственными (муниципальными) органами, казенными учреждениями, органами управления государственными внебюджетными фондами | E24: 851 | F24: 01 | G24: 04 | H24: 51 4 01 17390 | I24: 100 | J24: =J25 -> 54850 | K24: =K25 -> 54850 | L24: =L25 -> 54850
A25: Расходы на выплаты персоналу государственных (муниципальных) органов | E25: 851 | F25: 01 | G25: 04 | H25: 51 4 01 17390 | I25: 120 | J25: 54850 | K25: 54850 | L25: 54850
A26: Закупка товаров, работ и услуг для обеспечения государственных (муниципальных) нужд | E26: 851 | F26: 01 | G26: 04 | H26: 51 4 01 17390 | I26: 200 | J26: =J27 -> 21818 | K26: =K27 -> 21818 | L26: =L27 -> 21818
A27: Иные закупки товаров, работ и услуг для обеспечения государственных (муниципальных) нужд | E27: 851 | F27: 01 | G27: 04 | H27: 51 4 01 17390 | I27: 240 | J27: 21818 | K27: 21818 | L27: 21818
A28: Осуществление отдельных полномочий в области охраны труда и уведомительной регистрации территориальных соглашений и коллективных договоров | E28: 851 | F28: 01 | G28: 04 | H28: 51 4 01 17900 | J28: =J29+J31 -> 383338 | K28: =K29+K31 -> 383338 | L28: =L29+L31 -> 383338
A29: Расходы на выплаты персоналу в целях обеспечения выполнения функций государственными (муниципальными) органами, казенными учреждениями, органами управления государственными внебюджетными фондами | E29: 851 | F29: 01 | G29: 04 | H29: 51 4 01 17900 | I29: 100 | J29: =J30 -> 288500 | K29: =K30 -> 288500 | L29: =L30 -> 288500
A30: Расходы на выплаты персоналу государственных (муниципальных) органов | E30: 851 | F30: 01 | G30: 04 | H30: 51 4 01 17900 | I30: 120 | J30: 288500 | K30: 288500 | L30: 288500
A31: Закупка товаров, работ и услуг для обеспечения государственных (муниципальных) нужд | E31: 851 | F31: 01 | G31: 04 | H31: 51 4 01 17900 | I31: 200 | J31: =J32 -> 94838 | K31: =K32 -> 94838 | L31: =L32 -> 94838
A32: Иные закупки товаров, работ и услуг для обеспечения государственных (муниципальных) нужд | E32: 851 | F32: 01 | G32: 04 | H32: 51 4 01 17900 | I32: 240 | J32: 94838 | K32: 94838 | L32: 94838
A33: Обеспечение деятельности главы местной администрации (исполнительно-распорядительного органа муниципального образования) | E33: 851 | F33: 01 | G33: 04 | H33: 51 4 01 80020 | J33: =J34 -> 2348200 | K33: =K34 -> 2348200 | L33: =L34 -> 2348200
A34: Расходы на выплаты персоналу в целях обеспечения выполнения функций государственными (муниципальными) органами, казенными учреждениями, органами управления государственными внебюджетными фондами | E34: 851 | F34: 01 | G34: 04 | H34: 51 4 01 80020 | I34: 100 | J34: =J35 -> 2348200 | K34: =K35 -> 2348200 | L34: =L35 -> 2348200
A35: Расходы на выплаты персоналу государственных (муниципальных) органов | E35: 851 | F35: 01 | G35: 04 | H35: 51 4 01 80020 | I35: 120 | J35: 2348200 | K35: 2348200 | L35: 2348200
A36: Руководство и управление в сфере установленных функций органов местного самоуправления | E36: 851 | F36: 01 | G36: 04 | H36: 51 4 01 80040 | J36: =J37+J39+J41 -> 36616200 | K36: =K37+K39+K41 -> 32905200 | L36: =L37+L39+L41 -> 32905200
A37: Расходы на выплаты персоналу в целях обеспечения выполнения функций государственными (муниципальными) органами, казенными учреждениями, органами управления государственными внебюджетными фондами | E37: 851 | F37: 01 | G37: 04 | H37: 51 4 01 80040 | I37: 100 | J37: =J38 -> 31483200 | K37: =K38 -> 30067600 | L37: =L38 -> 30067600
A38: Расходы на выплаты персоналу государственных (муниципальных) органов | E38: 851 | F38: 01 | G38: 04 | H38: 51 4 01 80040 | I38: 120 | J38: 31483200 | K38: 30067600 | L38: 30067600
A39: Закупка товаров, работ и услуг для обеспечения государственных (муниципальных) нужд | E39: 851 | F39: 01 | G39: 04 | H39: 51 4 01 80040 | I39: 200 | J39: =J40 -> 5034700 | K39: =K40 -> 2739300 | L39: =L40 -> 2739300
A40: Иные закупки товаров, работ и услуг для обеспечения государственных (муниципальных) нужд | E40: 851 | F40: 01 | G40: 04 | H40: 51 4 01 80040 | I40: 240 | J40: 5034700 | K40: 2739300 | L40: 2739300
A41: Иные бюджетные ассигнования | E41: 851 | F41: 01 | G41: 04 | H41: 51 4 01 80040 | I41: 800 | J41: =J42 -> 98300 | K41: =K42 -> 98300 | L41: =L42 -> 98300
A42: Уплата налогов, сборов и иных платежей | E42: 851 | F42: 01 | G42: 04 | H42: 51 4 01 80040 | I42: 850 | J42: 98300 | K42: 98300 | L42: 98300
A43: Информационное освещение деятельности органов местного самоуправления | E43: 851 | F43: 01 | G43: 04 | H43: 51 4 01 80070 | J43: =J44 -> 100000 | K43: =K44 -> 0 | L43: =L44 -> 0
A44: Закупка товаров, работ и услуг для обеспечения государственных (муниципальных) нужд | E44: 851 | F44: 01 | G44: 04 | H44: 51 4 01 80070 | I44: 200 | J44: =J45 -> 100000 | K44: =K45 -> 0 | L44: =L45 -> 0
A45: Иные закупки товаров, работ и услуг для обеспечения государственных (муниципальных) нужд | E45: 851 | F45: 01 | G45: 04 | H45: 51 4 01 80070 | I45: 240 | J45: 100000
A46: Опубликование нормативных правовых актов муниципальных образований и иной официальной информации | E46: 851 | F46: 01 | G46: 04 | H46: 51 4 01 80100 | J46: =J47 -> 100000 | K46: =K47 -> 0 | L46: =L47 -> 0
A47: Закупка товаров, работ и услуг для обеспечения государственных (муниципальных) нужд | E47: 851 | F47: 01 | G47: 04 | H47: 51 4 01 80100 | I47: 200 | J47: =J48 -> 100000 | K47: =K48 -> 0 | L47: =L48 -> 0
A48: Иные закупки товаров, работ и услуг для обеспечения государственных (муниципальных) нужд | E48: 851 | F48: 01 | G48: 04 | H48: 51 4 01 80100 | I48: 240 | J48: 100000
A49: Членские взносы некоммерческим организациям | E49: 851 | F49: 01 | G49: 04 | H49: 51 4 01 81410 | J49: =J50 -> 78000 | K49: =K50 -> 0 | L49: =L50 -> 0
A50: Иные бюджетные ассигнования | E50: 851 | F50: 01 | G50: 04 | H50: 51 4 01 81410 | I50: 800 | J50: =J51 -> 78000 | K50: =K51 -> 0 | L50: =L51 -> 0
A51: Уплата налогов, сборов и иных платежей | E51: 851 | F51: 01 | G51: 04 | H51: 51 4 01 81410 | I51: 850 | J51: 78000
A52: Реализация переданных полномочий по решению отдельных вопросов местного значения поселений в соответствии с заключенными соглашениями в части формирования архивных фондов поселений | E52: 851 | F52: 01 | G52: 04 | H52: 51 4 01 84220 | J52: =J53 -> 2500 | K52: =K53 -> 2500 | L52: =L53 -> 2500
A53: Закупка товаров, работ и услуг для обеспечения государственных (муниципальных) нужд | E53: 851 | F53: 01 | G53: 04 | H53: 51 4 01 84220 | I53: 200 | J53: =J54 -> 2500 | K53: =K54 -> 2500 | L53: =L54 -> 2500
A54: Иные закупки товаров, работ и услуг для обеспечения государственных (муниципальных) нужд | E54: 851 | F54: 01 | G54: 04 | H54: 51 4 01 84220 | I54: 240 | J54: 2500 | K54: 2500 | L54: 2500
A55: Реализация переданных полномочий по решению отдельных вопросов местного значения поселений в соответствии с заключенными соглашениями в части осуществления муниципального земельного контроля в границах поселений | E55: 851 | F55: 01 | G55: 04 | H55: 51 4 01 84230 | J55: =J56 -> 600 | K55: =K56 -> 600 | L55: =L56 -> 600
A56: Закупка товаров, работ и услуг для обеспечения государственных (муниципальных) нужд | E56: 851 | F56: 01 | G56: 04 | H56: 51 4 01 84230 | I56: 200 | J56: =J57 -> 600 | K56: =K57 -> 600 | L56: =L57 -> 600
A57: Иные закупки товаров, работ и услуг для обеспечения государственных (муниципальных) нужд | E57: 851 | F57: 01 | G57: 04 | H57: 51 4 01 84230 | I57: 240 | J57: 600 | K57: 600 | L57: 600
A58: Реализация переданных полномочий по решению отдельных вопросов местного значения поселений в соответствии с заключенными соглашениями в части осуществления муниципального жилищного контроля | E58: 851 | F58: 01 | G58: 04 | H58: 51 4 01 84440 | J58: =J59 -> 600 | K58: =K59 -> 600 | L58: =L59 -> 600
A59: Закупка товаров, работ и услуг для обеспечения государственных (муниципальных) нужд | E59: 851 | F59: 01 | G59: 04 | H59: 51 4 01 84440 | I59: 200 | J59: =J60 -> 600 | K59: =K60 -> 600 | L59: =L60 -> 600
A60: Иные закупки товаров, работ и услуг для обеспечения государственных (муниципальных) нужд | E60: 851 | F60: 01 | G60: 04 | H60: 51 4 01 84440 | I60: 240 | J60: 600 | K60: 600 | L60: 600
A61: Реализация переданных полномочий по решению отдельных вопросов местного значения поселений в соответствии с заключенными соглашениями в части осуществления муниципального контроля на автомобильном транспорте, городском наземном электрическом транспорте и в дорожном хозяйстве в границах населенных пунктов поселения | E61: 851 | F61: 01 | G61: 04 | H61: 51 4 01 84450 | J61: =J62 -> 600 | K61: =K62 -> 600 | L61: =L62 -> 600
A62: Закупка товаров, работ и услуг для обеспечения государственных (муниципальных) нужд | E62: 851 | F62: 01 | G62: 04 | H62: 51 4 01 84450 | I62: 200 | J62: =J63 -> 600 | K62: =K63 -> 600 | L62: =L63 -> 600
A63: Иные закупки товаров, работ и услуг для обеспечения государственных (муниципальных) нужд | E63: 851 | F63: 01 | G63: 04 | H63: 51 4 01 84450 | I63: 240 | J63: 600 | K63: 600 | L63: 600
A64: Реализация переданных полномочий по решению отдельных вопросов местного значения поселений в соответствии с заключенными соглашениями в части осуществления муниципального контроля в сфере благоустройства | E64: 851 | F64: 01 | G64: 04 | H64: 51 4 01 84460 | J64: =J65 -> 2100 | K64: =K65 -> 2100 | L64: =L65 -> 2100
A65: Закупка товаров, работ и услуг для обеспечения государственных (муниципальных) нужд | E65: 851 | F65: 01 | G65: 04 | H65: 51 4 01 84460 | I65: 200 | J65: =J66 -> 2100 | K65: =K66 -> 2100 | L65: =L66 -> 2100
A66: Иные закупки товаров, работ и услуг для обеспечения государственных (муниципальных) нужд | E66: 851 | F66: 01 | G66: 04 | H66: 51 4 01 84460 | I66: 240 | J66: 2100 | K66: 2100 | L66: 2100
A67: Судебная система | E67: 851 | F67: 01 | G67: 05 | J67: =J68 -> 43979 | K67: =K68 -> 4308 | L67: =L68 -> 4662
A68: Осуществление полномочий по составлению (изменению) списков кандидатов в присяжные заседатели федеральных судов общей юрисдикции в Российской Федерации | E68: 851 | F68: 01 | G68: 05 | H68: 51 4 04 51200 | J68: =J69 -> 43979 | K68: =K69 -> 4308 | L68: =L69 -> 4662
A69: Закупка товаров, работ и услуг для обеспечения государственных (муниципальных) нужд | E69: 851 | F69: 01 | G69: 05 | H69: 51 4 04 51200 | I69: 200 | J69: =J70 -> 43979 | K69: =K70 -> 4308 | L69: =L70 -> 4662
A70: Иные закупки товаров, работ и услуг для обеспечения государственных (муниципальных) нужд | E70: 851 | F70: 01 | G70: 05 | H70: 51 4 04 51200 | I70: 240 | J70: 43979 | K70: 4308 | L70: 4662
A71: Другие общегосударственные вопросы | E71: 851 | F71: 01 | G71: 13 | J71: =J75+J72+J78+J81 -> 5979400 | K71: =K75+K72+K78+K81 -> 5396400 | L71: =L75+L72+L78+L81 -> 5396400
A72: Повышение энергетической эффективности и обеспечения энергосбережения | E72: 851 | F72: 01 | G72: 13 | H72: 51 4 01 83260 | J72: =J73 -> 35500 | K72: =K73 -> 0 | L72: =L73 -> 0
A73: Закупка товаров, работ и услуг для обеспечения государственных (муниципальных) нужд | E73: 851 | F73: 01 | G73: 13 | H73: 51 4 01 83260 | I73: 200 | J73: =J74 -> 35500 | K73: =K74 -> 0 | L73: =L74 -> 0
A74: Иные закупки товаров, работ и услуг для обеспечения государственных (муниципальных) нужд | E74: 851 | F74: 01 | G74: 13 | H74: 51 4 01 83260 | I74: 240 | J74: 35500
A75: Оценка имущества, признание прав и регулирование отношений муниципальной собственности | E75: 851 | F75: 01 | G75: 13 | H75: 51 4 02 80900 | J75: =J76 -> 547500 | K75: =K76 -> 0 | L75: =L76 -> 0
A76: Закупка товаров, работ и услуг для обеспечения государственных (муниципальных) нужд | E76: 851 | F76: 01 | G76: 13 | H76: 51 4 02 80900 | I76: 200 | J76: =J77 -> 547500 | K76: =K77 -> 0 | L76: =L77 -> 0
A77: Иные закупки товаров, работ и услуг для обеспечения государственных (муниципальных) нужд | E77: 851 | F77: 01 | G77: 13 | H77: 51 4 02 80900 | I77: 240 | J77: 547500
A78: Эксплуатация и содержание имущества, находящегося в муниципальной собственности, арендованного недвижимого имущества | E78: 851 | F78: 01 | G78: 13 | H78: 51 4 02 80930 | J78: =J79 -> 352300 | K78: =K79 -> 352300 | L78: =L79 -> 352300
A79: Закупка товаров, работ и услуг для обеспечения государственных (муниципальных) нужд | E79: 851 | F79: 01 | G79: 13 | H79: 51 4 02 80930 | I79: 200 | J79: =J80 -> 352300 | K79: =K80 -> 352300 | L79: =L80 -> 352300
A80: Иные закупки товаров, работ и услуг для обеспечения государственных (муниципальных) нужд | E80: 851 | F80: 01 | G80: 13 | H80: 51 4 02 80930 | I80: 240 | J80: 352300 | K80: 352300 | L80: 352300
A81: Многофункциональные центры предоставления государственных и муниципальных услуг | E81: 851 | F81: 01 | G81: 13 | H81: 51 4 03 80710 | J81: =J82 -> 5044100 | K81: =K82 -> 5044100 | L81: =L82 -> 5044100
A82: Предоставление субсидий бюджетным, автономным учреждениям и иным некоммерческим организациям | E82: 851 | F82: 01 | G82: 13 | H82: 51 4 03 80710 | I82: 600 | J82: =J83 -> 5044100 | K82: =K83 -> 5044100 | L82: =L83 -> 5044100
A83: Субсидии бюджетным учреждениям | E83: 851 | F83: 01 | G83: 13 | H83: 51 4 03 80710 | I83: 610 | J83: 5044100 | K83: 5044100 | L83: 5044100
A84: Национальная оборона | E84: 851 | F84: 02 | J84: =J85 -> 1119810 | K84: =K85 -> 1248705 | L84: =L85 -> 1588844
A85: Мобилизационная и вневойсковая подготовка | E85: 851 | F85: 02 | G85: 03 | J85: =J86 -> 1119810 | K85: =K86 -> 1248705 | L85: =L86 -> 1588844
A86: Осуществление первичного воинского учета органами местного самоуправления поселений, муниципальных и городских округов | E86: 851 | F86: 02 | G86: 03 | H86: 51 4 04 51180 | J86: =J87+J89 -> 1119810 | K86: =K87+K89 -> 1248705 | L86: =L87+L89 -> 1588844
A87: Расходы на выплаты персоналу в целях обеспечения выполнения функций государственными (муниципальными) органами, казенными учреждениями, органами управления государственными внебюджетными фондами | E87: 851 | F87: 02 | G87: 03 | H87: 51 4 04 51180 | I87: 100 | J87: =J88 -> 940709 | K87: =K88 -> 1132382 | L87: =L88 -> 1262582
A88: Расходы на выплаты персоналу государственных (муниципальных) органов | E88: 851 | F88: 02 | G88: 03 | H88: 51 4 04 51180 | I88: 120 | J88: 940709 | K88: 1132382 | L88: 1262582
A89: Закупка товаров, работ и услуг для обеспечения государственных (муниципальных) нужд | E89: 851 | F89: 02 | G89: 03 | H89: 51 4 04 51180 | I89: 200 | J89: =J90 -> 179101 | K89: =K90 -> 116323 | L89: =L90 -> 326262
A90: Иные закупки товаров, работ и услуг для обеспечения государственных (муниципальных) нужд | E90: 851 | F90: 02 | G90: 03 | H90: 51 4 04 51180 | I90: 240 | J90: 179101 | K90: 116323 | L90: 326262
A91: Национальная безопасность и правоохранительная деятельность | E91: 851 | F91: 03 | J91: =J92 -> 6969400 | K91: =K92 -> 5897800 | L91: =L92 -> 5897800
A92: Защита населения и территории от чрезвычайных ситуаций природного и техногенного характера, пожарная безопасность | E92: 851 | F92: 03 | G92: 10 | J92: =J93+J100 -> 6969400 | K92: =K93+K100 -> 5897800 | L92: =L93+L100 -> 5897800
A93: Единые дежурно-диспетчерские службы | E93: 851 | F93: 03 | G93: 10 | H93: 51 4 05 80700 | J93: =J94+J96+J98 -> 5873100 | K93: =K94+K96+K98 -> 5597800 | L93: =L94+L96+L98 -> 5597800
A94: Расходы на выплаты персоналу в целях обеспечения выполнения функций государственными (муниципальными) органами, казенными учреждениями, органами управления государственными внебюджетными фондами | E94: 851 | F94: 03 | G94: 10 | H94: 51 4 05 80700 | I94: 100 | J94: =J95 -> 4467100 | K94: =K95 -> 4467100 | L94: =L95 -> 4467100
A95: Расходы на выплаты персоналу казенных учреждений | E95: 851 | F95: 03 | G95: 10 | H95: 51 4 05 80700 | I95: 110 | J95: 4467100 | K95: 4467100 | L95: 4467100
A96: Закупка товаров, работ и услуг для обеспечения государственных (муниципальных) нужд | E96: 851 | F96: 03 | G96: 10 | H96: 51 4 05 80700 | I96: 200 | J96: =J97 -> 1397100 | K96: =K97 -> 1121800 | L96: =L97 -> 1121800
A97: Иные закупки товаров, работ и услуг для обеспечения государственных (муниципальных) нужд | E97: 851 | F97: 03 | G97: 10 | H97: 51 4 05 80700 | I97: 240 | J97: 1397100 | K97: 1121800 | L97: 1121800
A98: Иные бюджетные ассигнования | E98: 851 | F98: 03 | G98: 10 | H98: 51 4 05 80700 | I98: 800 | J98: =J99 -> 8900 | K98: =K99 -> 8900 | L98: =L99 -> 8900
A99: Уплата налогов, сборов и иных платежей | E99: 851 | F99: 03 | G99: 10 | H99: 51 4 05 80700 | I99: 850 | J99: 8900 | K99: 8900 | L99: 8900
A100: Оповещение населения об опасностях, возникающих при ведении военных действий и возникновении чрезвычайных ситуаций | E100: 851 | F100: 03 | G100: 10 | H100: 51 4 05 81200 | J100: =J101 -> 1096300 | K100: =K101 -> 300000 | L100: =L101 -> 300000
A101: Закупка товаров, работ и услуг для обеспечения государственных (муниципальных) нужд | E101: 851 | F101: 03 | G101: 10 | H101: 51 4 05 81200 | I101: 200 | J101: =J102 -> 1096300 | K101: =K102 -> 300000 | L101: =L102 -> 300000
...

Sheet 3.ВС
H1: Приложение 3
H2: к Решению Клетнянского районного Совета народных депутатов "О бюджете Клетнянского муниципального района Брянской области на 2026 год и на плановый период 2027 и 2028 годов
A5: =UPPER(A6) -> ВЕДОМСТВЕННАЯ СТРУКТУРА РАСХОДОВ БЮДЖЕТА КЛЕТНЯНСКОГО МУНИЦИПАЛЬНОГО РАЙОНА БРЯНСКОЙ ОБЛАСТИ НА 2026 ГОД И НА ПЛАНОВЫЙ ПЕРИОД 2027 И 2028 ГОДОВ
A6: Ведомственная структура расходов бюджета Клетнянского муниципального района Брянской области на 2026 год и на плановый период 2027 и 2028 годов | M6: 2026 | P6: 2027 | S6: 2028
L7: рублей | M7: было | N7: +/- | O7: стало | P7: было | Q7: +/- | R7: стало | S7: было | T7: +/- | U7: стало
A8: Наименование | E8: Гл | F8: Рз | G8: Пр | H8: ЦСР | I8: ВР | J8: 2026 год | K8: 2027 год | L8: 2028 год
A10: Администрация Клетнянского района | E10: 851 | J10: =J11+J87+J94+J106+J142+J163+J168+J182+J222+J240 -> 4.304188e+08 | K10: =K11+K87+K94+K106+K142+K163+K168+K182+K222+K240 -> 1.8011994e+08 | L10: =L11+L87+L94+L106+L142+L163+L168+L182+L222+L240 -> 1.4892004e+08 | M10: ='3.ВС (2)'!J7 -> 1.5841859e+08 | N10: =O10-M10 -> 2.7200021e+08 | O10: =J10 -> 4.304188e+08 | P10: ='3.ВС (2)'!K7 -> 1.7946826e+08 | Q10: =R10-P10 -> 651673.81 | R10: =K10 -> 1.8011994e+08 | S10: ='3.ВС (2)'!L7 -> 1.4674778e+08 | T10: =U10-S10 -> 2172258.3 | U10: =L10 -> 1.4892004e+08
A11: Общегосударственные вопросы | E11: 851 | F11: 01 | J11: =J12+J70+J74 -> 47809707 | K11: =K12+K70+K74 -> 39320135 | L11: =L12+L70+L74 -> 42654620 | M11: ='3.ВС (2)'!J8 -> 47265937 | N11: =O11-M11 -> 543770 | O11: =J11 -> 47809707 | P11: ='3.ВС (2)'!K8 -> 42654266 | Q11: =R11-P11 -> -3334131 | R11: =K11 -> 39320135 | S11: ='3.ВС (2)'!L8 -> 42654620 | T11: =U11-S11 -> 0 | U11: =L11 -> 42654620
A12: Функционирование Правительства Российской Федерации, высших исполнительных органов субъектов Российской Федерации, местных администраций | E12: 851 | F12: 01 | G12: 04 | J12: =J13+J18+J23+J26+J31+J36+J39+J55+J46+J49+J52+J58+J61+J64+J67 -> 41786328 | K12: =K13+K18+K23+K26+K31+K36+K39+K55+K46+K49+K52+K58+K61+K64+K67 -> 33919427 | L12: =L13+L18+L23+L26+L31+L36+L39+L55+L46+L49+L52+L58+L61+L64+L67 -> 37253558 | M12: ='3.ВС (2)'!J9 -> 41242558 | N12: =O12-M12 -> 543770 | O12: =J12 -> 41786328 | P12: ='3.ВС (2)'!K9 -> 37253558 | Q12: =R12-P12 -> -3334131 | R12: =K12 -> 33919427 | S12: ='3.ВС (2)'!L9 -> 37253558 | T12: =U12-S12 -> 0 | U12: =L12 -> 37253558
A13: Осуществление отдельных государственных полномочий Брянской области в сфере деятельности по профилактике безнадзорности и правонарушений несовершеннолетних, организации деятельности административных комиссий и определения перечня должностных лиц органов местного самоуправления, уполномоченных составлять протоколы об административных правонарушениях (осуществление отдельных государственных полномочий Брянской области в сфере деятельности по профилактике безнадзорности и правонарушений несовершеннолетних) | E13: 851 | F13: 01 | G13: 04 | H13: 51 4 01 12021 | J13: =J14+J16 -> 766676 | K13: =K14+K16 -> 766676 | L13: =L14+L16 -> 766676 | M13: ='3.ВС (2)'!J10 -> 766676 | N13: =O13-M13 -> 0 | O13: =J13 -> 766676 | P13: ='3.ВС (2)'!K10 -> 766676 | Q13: =R13-P13 -> 0 | R13: =K13 -> 766676 | S13: ='3.ВС (2)'!L10 -> 766676 | T13: =U13-S13 -> 0 | U13: =L13 -> 766676
A14: Расходы на выплаты персоналу в целях обеспечения выполнения функций государственными (муниципальными) органами, казенными учреждениями, органами управления государственными внебюджетными фондами | E14: 851 | F14: 01 | G14: 04 | H14: 51 4 01 12021 | I14: 100 | J14: =J15 -> 747400 | K14: =K15 -> 747400 | L14: =L15 -> 747400 | M14: ='3.ВС (2)'!J11 -> 747400 | N14: =O14-M14 -> 0 | O14: =J14 -> 747400 | P14: ='3.ВС (2)'!K11 -> 747400 | Q14: =R14-P14 -> 0 | R14: =K14 -> 747400 | S14: ='3.ВС (2)'!L11 -> 747400 | T14: =U14-S14 -> 0 | U14: =L14 -> 747400
A15: Расходы на выплаты персоналу государственных (муниципальных) органов | E15: 851 | F15: 01 | G15: 04 | H15: 51 4 01 12021 | I15: 120 | J15: 747400 | K15: 747400 | L15: 747400 | M15: ='3.ВС (2)'!J12 -> 747400 | N15: =O15-M15 -> 0 | O15: =J15 -> 747400 | P15: ='3.ВС (2)'!K12 -> 747400 | Q15: =R15-P15 -> 0 | R15: =K15 -> 747400 | S15: ='3.ВС (2)'!L12 -> 747400 | T15: =U15-S15 -> 0 | U15: =L15 -> 747400
A16: Закупка товаров, работ и услуг для обеспечения государственных (муниципальных) нужд | E16: 851 | F16: 01 | G16: 04 | H16: 51 4 01 12021 | I16: 200 | J16: =J17 -> 19276 | K16: =K17 -> 19276 | L16: =L17 -> 19276 | M16: ='3.ВС (2)'!J13 -> 19276 | N16: =O16-M16 -> 0 | O16: =J16 -> 19276 | P16: ='3.ВС (2)'!K13 -> 19276 | Q16: =R16-P16 -> 0 | R16: =K16 -> 19276 | S16: ='3.ВС (2)'!L13 -> 19276 | T16: =U16-S16 -> 0 | U16: =L16 -> 19276
A17: Иные закупки товаров, работ и услуг для обеспечения государственных (муниципальных) нужд | E17: 851 | F17: 01 | G17: 04 | H17: 51 4 01 12021 | I17: 240 | J17: 19276 | K17: 19276 | L17: 19276 | M17: ='3.ВС (2)'!J14 -> 19276 | N17: =O17-M17 -> 0 | O17: =J17 -> 19276 | P17: ='3.ВС (2)'!K14 -> 19276 | Q17: =R17-P17 -> 0 | R17: =K17 -> 19276 | S17: ='3.ВС (2)'!L14 -> 19276 | T17: =U17-S17 -> 0 | U17: =L17 -> 19276
A18: Осуществление отдельных государственных полномочий Брянской области в сфере деятельности по профилактике безнадзорности и правонарушений несовершеннолетних, организации деятельности административных комиссий и определения перечня должностных лиц органов местного самоуправления, уполномоченных составлять протоколы об административных правонарушениях (осуществление отдельных государственных полномочий Брянской области по организации деятельности административных комиссий) | E18: 851 | F18: 01 | G18: 04 | H18: 51 4 01 12022 | J18: =J19+J21 -> 766676 | K18: =K19+K21 -> 766676 | L18: =L19+L21 -> 766676 | M18: ='3.ВС (2)'!J15 -> 766676 | N18: =O18-M18 -> 0 | O18: =J18 -> 766676 | P18: ='3.ВС (2)'!K15 -> 766676 | Q18: =R18-P18 -> 0 | R18: =K18 -> 766676 | S18: ='3.ВС (2)'!L15 -> 766676 | T18: =U18-S18 -> 0 | U18: =L18 -> 766676
A19: Расходы на выплаты персоналу в целях обеспечения выполнения функций государственными (муниципальными) органами, казенными учреждениями, органами управления государственными внебюджетными фондами | E19: 851 | F19: 01 | G19: 04 | H19: 51 4 01 12022 | I19: 100 | J19: =J20 -> 704100 | K19: =K20 -> 704100 | L19: =L20 -> 704100 | M19: ='3.ВС (2)'!J16 -> 704100 | N19: =O19-M19 -> 0 | O19: =J19 -> 704100 | P19: ='3.ВС (2)'!K16 -> 704100 | Q19: =R19-P19 -> 0 | R19: =K19 -> 704100 | S19: ='3.ВС (2)'!L16 -> 704100 | T19: =U19-S19 -> 0 | U19: =L19 -> 704100
A20: Расходы на выплаты персоналу государственных (муниципальных) органов | E20: 851 | F20: 01 | G20: 04 | H20: 51 4 01 12022 | I20: 120 | J20: 704100 | K20: 704100 | L20: 704100 | M20: ='3.ВС (2)'!J17 -> 704100 | N20: =O20-M20 -> 0 | O20: =J20 -> 704100 | P20: ='3.ВС (2)'!K17 -> 704100 | Q20: =R20-P20 -> 0 | R20: =K20 -> 704100 | S20: ='3.ВС (2)'!L17 -> 704100 | T20: =U20-S20 -> 0 | U20: =L20 -> 704100
A21: Закупка товаров, работ и услуг для обеспечения государственных (муниципальных) нужд | E21: 851 | F21: 01 | G21: 04 | H21: 51 4 01 12022 | I21: 200 | J21: =J22 -> 62576 | K21: =K22 -> 62576 | L21: =L22 -> 62576 | M21: ='3.ВС (2)'!J18 -> 62576 | N21: =O21-M21 -> 0 | O21: =J21 -> 62576 | P21: ='3.ВС (2)'!K18 -> 62576 | Q21: =R21-P21 -> 0 | R21: =K21 -> 62576 | S21: ='3.ВС (2)'!L18 -> 62576 | T21: =U21-S21 -> 0 | U21: =L21 -> 62576
A22: Иные закупки товаров, работ и услуг для обеспечения государственных (муниципальных) нужд | E22: 851 | F22: 01 | G22: 04 | H22: 51 4 01 12022 | I22: 240 | J22: 62576 | K22: 62576 | L22: 62576 | M22: ='3.ВС (2)'!J19 -> 62576 | N22: =O22-M22 -> 0 | O22: =J22 -> 62576 | P22: ='3.ВС (2)'!K19 -> 62576 | Q22: =R22-P22 -> 0 | R22: =K22 -> 62576 | S22: ='3.ВС (2)'!L19 -> 62576 | T22: =U22-S22 -> 0 | U22: =L22 -> 62576
A23: Осуществление отдельных государственных полномочий Брянской области в сфере деятельности по профилактике безнадзорности и правонарушений несовершеннолетних, организации деятельности административных комиссий и определения перечня должностных лиц органов местного самоуправления, уполномоченных составлять протоколы об административных правонарушениях (осуществление отдельных государственных полномочий Брянской области по определению перечня должностных лиц органов местного самоуправления, уполномоченных составлять протоколы об административных правонарушениях) | E23: 851 | F23: 01 | G23: 04 | H23: 51 4 01 12023 | J23: =J24 -> 400 | K23: =K24 -> 400 | L23: =L24 -> 400 | M23: ='3.ВС (2)'!J20 -> 400 | N23: =O23-M23 -> 0 | O23: =J23 -> 400 | P23: ='3.ВС (2)'!K20 -> 400 | Q23: =R23-P23 -> 0 | R23: =K23 -> 400 | S23: ='3.ВС (2)'!L20 -> 400 | T23: =U23-S23 -> 0 | U23: =L23 -> 400
A24: Закупка товаров, работ и услуг для обеспечения государственных (муниципальных) нужд | E24: 851 | F24: 01 | G24: 04 | H24: 51 4 01 12023 | I24: 200 | J24: =J25 -> 400 | K24: =K25 -> 400 | L24: =L25 -> 400 | M24: ='3.ВС (2)'!J21 -> 400 | N24: =O24-M24 -> 0 | O24: =J24 -> 400 | P24: ='3.ВС (2)'!K21 -> 400 | Q24: =R24-P24 -> 0 | R24: =K24 -> 400 | S24: ='3.ВС (2)'!L21 -> 400 | T24: =U24-S24 -> 0 | U24: =L24 -> 400
A25: Иные закупки товаров, работ и услуг для обеспечения государственных (муниципальных) нужд | E25: 851 | F25: 01 | G25: 04 | H25: 51 4 01 12023 | I25: 240 | J25: 400 | K25: 400 | L25: 400 | M25: ='3.ВС (2)'!J22 -> 400 | N25: =O25-M25 -> 0 | O25: =J25 -> 400 | P25: ='3.ВС (2)'!K22 -> 400 | Q25: =R25-P25 -> 0 | R25: =K25 -> 400 | S25: ='3.ВС (2)'!L22 -> 400 | T25: =U25-S25 -> 0 | U25: =L25 -> 400
A26: Установление регулируемых тарифов на регулярные перевозки пассажиров и багажа автомобильным транспортом и городским наземным электрическим транспортом по муниципальным маршрутам регулярных перевозок | E26: 851 | F26: 01 | G26: 04 | H26: 51 4 01 17390 | J26: =J27+J29 -> 76668 | K26: =K27+K29 -> 76668 | L26: =L27+L29 -> 76668 | M26: ='3.ВС (2)'!J23 -> 76668 | N26: =O26-M26 -> 0 | O26: =J26 -> 76668 | P26: ='3.ВС (2)'!K23 -> 76668 | Q26: =R26-P26 -> 0 | R26: =K26 -> 76668 | S26: ='3.ВС (2)'!L23 -> 76668 | T26: =U26-S26 -> 0 | U26: =L26 -> 76668
A27: Расходы на выплаты персоналу в целях обеспечения выполнения функций государственными (муниципальными) органами, казенными учреждениями, органами управления государственными внебюджетными фондами | E27: 851 | F27: 01 | G27: 04 | H27: 51 4 01 17390 | I27: 100 | J27: =J28 -> 54850 | K27: =K28 -> 54850 | L27: =L28 -> 54850 | M27: ='3.ВС (2)'!J24 -> 54850 | N27: =O27-M27 -> 0 | O27: =J27 -> 54850 | P27: ='3.ВС (2)'!K24 -> 54850 | Q27: =R27-P27 -> 0 | R27: =K27 -> 54850 | S27: ='3.ВС (2)'!L24 -> 54850 | T27: =U27-S27 -> 0 | U27: =L27 -> 54850
A28: Расходы на выплаты персоналу государственных (муниципальных) органов | E28: 851 | F28: 01 | G28: 04 | H28: 51 4 01 17390 | I28: 120 | J28: 54850 | K28: 54850 | L28: 54850 | M28: ='3.ВС (2)'!J25 -> 54850 | N28: =O28-M28 -> 0 | O28: =J28 -> 54850 | P28: ='3.ВС (2)'!K25 -> 54850 | Q28: =R28-P28 -> 0 | R28: =K28 -> 54850 | S28: ='3.ВС (2)'!L25 -> 54850 | T28: =U28-S28 -> 0 | U28: =L28 -> 54850
A29: Закупка товаров, работ и услуг для обеспечения государственных (муниципальных) нужд | E29: 851 | F29: 01 | G29: 04 | H29: 51 4 01 17390 | I29: 200 | J29: =J30 -> 21818 | K29: =K30 -> 21818 | L29: =L30 -> 21818 | M29: ='3.ВС (2)'!J26 -> 21818 | N29: =O29-M29 -> 0 | O29: =J29 -> 21818 | P29: ='3.ВС (2)'!K26 -> 21818 | Q29: =R29-P29 -> 0 | R29: =K29 -> 21818 | S29: ='3.ВС (2)'!L26 -> 21818 | T29: =U29-S29 -> 0 | U29: =L29 -> 21818
A30: Иные закупки товаров, работ и услуг для обеспечения государственных (муниципальных) нужд | E30: 851 | F30: 01 | G30: 04 | H30: 51 4 01 17390 | I30: 240 | J30: 21818 | K30: 21818 | L30: 21818 | M30: ='3.ВС (2)'!J27 -> 21818 | N30: =O30-M30 -> 0 | O30: =J30 -> 21818 | P30: ='3.ВС (2)'!K27 -> 21818 | Q30: =R30-P30 -> 0 | R30: =K30 -> 21818 | S30: ='3.ВС (2)'!L27 -> 21818 | T30: =U30-S30 -> 0 | U30: =L30 -> 21818
A31: Осуществление отдельных полномочий в области охраны труда и уведомительной регистрации территориальных соглашений и коллективных договоров | E31: 851 | F31: 01 | G31: 04 | H31: 51 4 01 17900 | J31: =J32+J34 -> 383338 | K31: =K32+K34 -> 383338 | L31: =L32+L34 -> 383338 | M31: ='3.ВС (2)'!J28 -> 383338 | N31: =O31-M31 -> 0 | O31: =J31 -> 383338 | P31: ='3.ВС (2)'!K28 -> 383338 | Q31: =R31-P31 -> 0 | R31: =K31 -> 383338 | S31: ='3.ВС (2)'!L28 -> 383338 | T31: =U31-S31 -> 0 | U31: =L31 -> 383338
A32: Расходы на выплаты персоналу в целях обеспечения выполнения функций государственными (муниципальными) органами, казенными учреждениями, органами управления государственными внебюджетными фондами | E32: 851 | F32: 01 | G32: 04 | H32: 51 4 01 17900 | I32: 100 | J32: =J33 -> 288500 | K32: =K33 -> 288500 | L32: =L33 -> 288500 | M32: ='3.ВС (2)'!J29 -> 288500 | N32: =O32-M32 -> 0 | O32: =J32 -> 288500 | P32: ='3.ВС (2)'!K29 -> 288500 | Q32: =R32-P32 -> 0 | R32: =K32 -> 288500 | S32: ='3.ВС (2)'!L29 -> 288500 | T32: =U32-S32 -> 0 | U32: =L32 -> 288500
A33: Расходы на выплаты персоналу государственных (муниципальных) органов | E33: 851 | F33: 01 | G33: 04 | H33: 51 4 01 17900 | I33: 120 | J33: 288500 | K33: 288500 | L33: 288500 | M33: ='3.ВС (2)'!J30 -> 288500 | N33: =O33-M33 -> 0 | O33: =J33 -> 288500 | P33: ='3.ВС (2)'!K30 -> 288500 | Q33: =R33-P33 -> 0 | R33: =K33 -> 288500 | S33: ='3.ВС (2)'!L30 -> 288500 | T33: =U33-S33 -> 0 | U33: =L33 -> 288500
A34: Закупка товаров, работ и услуг для обеспечения государственных (муниципальных) нужд | E34: 851 | F34: 01 | G34: 04 | H34: 51 4 01 17900 | I34: 200 | J34: =J35 -> 94838 | K34: =K35 -> 94838 | L34: =L35 -> 94838 | M34: ='3.ВС (2)'!J31 -> 94838 | N34: =O34-M34 -> 0 | O34: =J34 -> 94838 | P34: ='3.ВС (2)'!K31 -> 94838 | Q34: =R34-P34 -> 0 | R34: =K34 -> 94838 | S34: ='3.ВС (2)'!L31 -> 94838 | T34: =U34-S34 -> 0 | U34: =L34 -> 94838
A35: Иные закупки товаров, работ и услуг для обеспечения государственных (муниципальных) нужд | E35: 851 | F35: 01 | G35: 04 | H35: 51 4 01 17900 | I35: 240 | J35: 94838 | K35: 94838 | L35: 94838 | M35: ='3.ВС (2)'!J32 -> 94838 | N35: =O35-M35 -> 0 | O35: =J35 -> 94838 | P35: ='3.ВС (2)'!K32 -> 94838 | Q35: =R35-P35 -> 0 | R35: =K35 -> 94838 | S35: ='3.ВС (2)'!L32 -> 94838 | T35: =U35-S35 -> 0 | U35: =L35 -> 94838
A36: Обеспечение деятельности главы местной администрации (исполнительно-распорядительного органа муниципального образования) | E36: 851 | F36: 01 | G36: 04 | H36: 51 4 01 80020 | J36: =J37 -> 2348200 | K36: =K37 -> 2348200 | L36: =L37 -> 2348200 | M36: ='3.ВС (2)'!J33 -> 2348200 | N36: =O36-M36 -> 0 | O36: =J36 -> 2348200 | P36: ='3.ВС (2)'!K33 -> 2348200 | Q36: =R36-P36 -> 0 | R36: =K36 -> 2348200 | S36: ='3.ВС (2)'!L33 -> 2348200 | T36: =U36-S36 -> 0 | U36: =L36 -> 2348200
A37: Расходы на выплаты персоналу в целях обеспечения выполнения функций государственными (муниципальными) органами, казенными учреждениями, органами управления государственными внебюджетными фондами | E37: 851 | F37: 01 | G37: 04 | H37: 51 4 01 80020 | I37: 100 | J37: =J38 -> 2348200 | K37: =K38 -> 2348200 | L37: =L38 -> 2348200 | M37: ='3.ВС (2)'!J34 -> 2348200 | N37: =O37-M37 -> 0 | O37: =J37 -> 2348200 | P37: ='3.ВС (2)'!K34 -> 2348200 | Q37: =R37-P37 -> 0 | R37: =K37 -> 2348200 | S37: ='3.ВС (2)'!L34 -> 2348200 | T37: =U37-S37 -> 0 | U37: =L37 -> 2348200
A38: Расходы на выплаты персоналу государственных (муниципальных) органов | E38: 851 | F38: 01 | G38: 04 | H38: 51 4 01 80020 | I38: 120 | J38: 2348200 | K38: 2348200 | L38: 2348200 | M38: ='3.ВС (2)'!J35 -> 2348200 | N38: =O38-M38 -> 0 | O38: =J38 -> 2348200 | P38: ='3.ВС (2)'!K35 -> 2348200 | Q38: =R38-P38 -> 0 | R38: =K38 -> 2348200 | S38: ='3.ВС (2)'!L35 -> 2348200 | T38: =U38-S38 -> 0 | U38: =L38 -> 2348200
A39: Руководство и управление в сфере установленных функций органов местного самоуправления | E39: 851 | F39: 01 | G39: 04 | H39: 51 4 01 80040 | J39: =J40+J42+J44 -> 37159970 | K39: =K40+K42+K44 -> 29571069 | L39: =L40+L42+L44 -> 32905200 | M39: ='3.ВС (2)'!J36 -> 36616200 | N39: =O39-M39 -> 543770 | O39: =J39 -> 37159970 | P39: ='3.ВС (2)'!K36 -> 32905200 | Q39: =R39-P39 -> -3334131 | R39: =K39 -> 29571069 | S39: ='3.ВС (2)'!L36 -> 32905200 | T39: =U39-S39 -> 0 | U39: =L39 -> 32905200
A40: Расходы на выплаты персоналу в целях обеспечения выполнения функций государственными (муниципальными) органами, казенными учреждениями, органами управления государственными внебюджетными фондами | E40: 851 | F40: 01 | G40: 04 | H40: 51 4 01 80040 | I40: 100 | J40: =J41 -> 31483200 | K40: =K41 -> 26733469 | L40: =L41 -> 30067600 | M40: ='3.ВС (2)'!J37 -> 31483200 | N40: =O40-M40 -> 0 | O40: =J40 -> 31483200 | P40: ='3.ВС (2)'!K37 -> 30067600 | Q40: =R40-P40 -> -3334131 | R40: =K40 -> 26733469 | S40: ='3.ВС (2)'!L37 -> 30067600 | T40: =U40-S40 -> 0 | U40: =L40 -> 30067600
A41: Расходы на выплаты персоналу государственных (муниципальных) органов | E41: 851 | F41: 01 | G41: 04 | H41: 51 4 01 80040 | I41: 120 | J41: 31483200 | K41: =30067600-3334131 -> 26733469 | L41: 30067600 | M41: ='3.ВС (2)'!J38 -> 31483200 | N41: =O41-M41 -> 0 | O41: =J41 -> 31483200 | P41: ='3.ВС (2)'!K38 -> 30067600 | Q41: =R41-P41 -> -3334131 | R41: =K41 -> 26733469 | S41: ='3.ВС (2)'!L38 -> 30067600 | T41: =U41-S41 -> 0 | U41: =L41 -> 30067600
A42: Закупка товаров, работ и услуг для обеспечения государственных (муниципальных) нужд | E42: 851 | F42: 01 | G42: 04 | H42: 51 4 01 80040 | I42: 200 | J42: =J43 -> 5578470 | K42: =K43 -> 2739300 | L42: =L43 -> 2739300 | M42: ='3.ВС (2)'!J39 -> 5034700 | N42: =O42-M42 -> 543770 | O42: =J42 -> 5578470 | P42: ='3.ВС (2)'!K39 -> 2739300 | Q42: =R42-P42 -> 0 | R42: =K42 -> 2739300 | S42: ='3.ВС (2)'!L39 -> 2739300 | T42: =U42-S42 -> 0 | U42: =L42 -> 2739300
A43: Иные закупки товаров, работ и услуг для обеспечения государственных (муниципальных) нужд | E43: 851 | F43: 01 | G43: 04 | H43: 51 4 01 80040 | I43: 240 | J43: =5034700+543770 -> 5578470 | K43: 2739300 | L43: 2739300 | M43: ='3.ВС (2)'!J40 -> 5034700 | N43: =O43-M43 -> 543770 | O43: =J43 -> 5578470 | P43: ='3.ВС (2)'!K40 -> 2739300 | Q43: =R43-P43 -> 0 | R43: =K43 -> 2739300 | S43: ='3.ВС (2)'!L40 -> 2739300 | T43: =U43-S43 -> 0 | U43: =L43 -> 2739300
A44: Иные бюджетные ассигнования | E44: 851 | F44: 01 | G44: 04 | H44: 51 4 01 80040 | I44: 800 | J44: =J45 -> 98300 | K44: =K45 -> 98300 | L44: =L45 -> 98300 | M44: ='3.ВС (2)'!J41 -> 98300 | N44: =O44-M44 -> 0 | O44: =J44 -> 98300 | P44: ='3.ВС (2)'!K41 -> 98300 | Q44: =R44-P44 -> 0 | R44: =K44 -> 98300 | S44: ='3.ВС (2)'!L41 -> 98300 | T44: =U44-S44 -> 0 | U44: =L44 -> 98300
A45: Уплата налогов, сборов и иных платежей | E45: 851 | F45: 01 | G45: 04 | H45: 51 4 01 80040 | I45: 850 | J45: 98300 | K45: 98300 | L45: 98300 | M45: ='3.ВС (2)'!J42 -> 98300 | N45: =O45-M45 -> 0 | O45: =J45 -> 98300 | P45: ='3.ВС (2)'!K42 -> 98300 | Q45: =R45-P45 -> 0 | R45: =K45 -> 98300 | S45: ='3.ВС (2)'!L42 -> 98300 | T45: =U45-S45 -> 0 | U45: =L45 -> 98300
A46: Информационное освещение деятельности органов местного самоуправления | E46: 851 | F46: 01 | G46: 04 | H46: 51 4 01 80070 | J46: =J47 -> 100000 | K46: =K47 -> 0 | L46: =L47 -> 0 | M46: ='3.ВС (2)'!J43 -> 100000 | N46: =O46-M46 -> 0 | O46: =J46 -> 100000 | P46: ='3.ВС (2)'!K43 -> 0 | Q46: =R46-P46 -> 0 | R46: =K46 -> 0 | S46: ='3.ВС (2)'!L43 -> 0 | T46: =U46-S46 -> 0 | U46: =L46 -> 0
A47: Закупка товаров, работ и услуг для обеспечения государственных (муниципальных) нужд | E47: 851 | F47: 01 | G47: 04 | H47: 51 4 01 80070 | I47: 200 | J47: =J48 -> 100000 | K47: =K48 -> 0 | L47: =L48 -> 0 | M47: ='3.ВС (2)'!J44 -> 100000 | N47: =O47-M47 -> 0 | O47: =J47 -> 100000 | P47: ='3.ВС (2)'!K44 -> 0 | Q47: =R47-P47 -> 0 | R47: =K47 -> 0 | S47: ='3.ВС (2)'!L44 -> 0 | T47: =U47-S47 -> 0 | U47: =L47 -> 0
A48: Иные закупки товаров, работ и услуг для обеспечения государственных (муниципальных) нужд | E48: 851 | F48: 01 | G48: 04 | H48: 51 4 01 80070 | I48: 240 | J48: 100000 | M48: ='3.ВС (2)'!J45 -> 100000 | N48: =O48-M48 -> 0 | O48: =J48 -> 100000 | P48: ='3.ВС (2)'!K45 -> 0 | Q48: =R48-P48 -> 0 | R48: =K48 -> 0 | S48: ='3.ВС (2)'!L45 -> 0 | T48: =U48-S48 -> 0 | U48: =L48 -> 0
A49: Опубликование нормативных правовых актов муниципальных образований и иной официальной информации | E49: 851 | F49: 01 | G49: 04 | H49: 51 4 01 80100 | J49: =J50 -> 100000 | K49: =K50 -> 0 | L49: =L50 -> 0 | M49: ='3.ВС (2)'!J46 -> 100000 | N49: =O49-M49 -> 0 | O49: =J49 -> 100000 | P49: ='3.ВС (2)'!K46 -> 0 | Q49: =R49-P49 -> 0 | R49: =K49 -> 0 | S49: ='3.ВС (2)'!L46 -> 0 | T49: =U49-S49 -> 0 | U49: =L49 -> 0
A50: Закупка товаров, работ и услуг для обеспечения государственных (муниципальных) нужд | E50: 851 | F50: 01 | G50: 04 | H50: 51 4 01 80100 | I50: 200 | J50: =J51 -> 100000 | K50: =K51 -> 0 | L50: =L51 -> 0 | M50: ='3.ВС (2)'!J47 -> 100000 | N50: =O50-M50 -> 0 | O50: =J50 -> 100000 | P50: ='3.ВС (2)'!K47 -> 0 | Q50: =R50-P50 -> 0 | R50: =K50 -> 0 | S50: ='3.ВС (2)'!L47 -> 0 | T50: =U50-S50 -> 0 | U50: =L50 -> 0
A51: Иные закупки товаров, работ и услуг для обеспечения государственных (муниципальных) нужд | E51: 851 | F51: 01 | G51: 04 | H51: 51 4 01 80100 | I51: 240 | J51: 100000 | M51: ='3.ВС (2)'!J48 -> 100000 | N51: =O51-M51 -> 0 | O51: =J51 -> 100000 | P51: ='3.ВС (2)'!K48 -> 0 | Q51: =R51-P51 -> 0 | R51: =K51 -> 0 | S51: ='3.ВС (2)'!L48 -> 0 | T51: =U51-S51 -> 0 | U51: =L51 -> 0
A52: Членские взносы некоммерческим организациям | E52: 851 | F52: 01 | G52: 04 | H52: 51 4 01 81410 | J52: =J53 -> 78000 | K52: =K53 -> 0 | L52: =L53 -> 0 | M52: ='3.ВС (2)'!J49 -> 78000 | N52: =O52-M52 -> 0 | O52: =J52 -> 78000 | P52: ='3.ВС (2)'!K49 -> 0 | Q52: =R52-P52 -> 0 | R52: =K52 -> 0 | S52: ='3.ВС (2)'!L49 -> 0 | T52: =U52-S52 -> 0 | U52: =L52 -> 0
A53: Иные бюджетные ассигнования | E53: 851 | F53: 01 | G53: 04 | H53: 51 4 01 81410 | I53: 800 | J53: =J54 -> 78000 | K53: =K54 -> 0 | L53: =L54 -> 0 | M53: ='3.ВС (2)'!J50 -> 78000 | N53: =O53-M53 -> 0 | O53: =J53 -> 78000 | P53: ='3.ВС (2)'!K50 -> 0 | Q53: =R53-P53 -> 0 | R53: =K53 -> 0 | S53: ='3.ВС (2)'!L50 -> 0 | T53: =U53-S53 -> 0 | U53: =L53 -> 0
A54: Уплата налогов, сборов и иных платежей | E54: 851 | F54: 01 | G54: 04 | H54: 51 4 01 81410 | I54: 850 | J54: 78000 | M54: ='3.ВС (2)'!J51 -> 78000 | N54: =O54-M54 -> 0 | O54: =J54 -> 78000 | P54: ='3.ВС (2)'!K51 -> 0 | Q54: =R54-P54 -> 0 | R54: =K54 -> 0 | S54: ='3.ВС (2)'!L51 -> 0 | T54: =U54-S54 -> 0 | U54: =L54 -> 0
A55: Реализация переданных полномочий по решению отдельных вопросов местного значения поселений в соответствии с заключенными соглашениями в части формирования архивных фондов поселений | E55: 851 | F55: 01 | G55: 04 | H55: 51 4 01 84220 | J55: =J56 -> 2500 | K55: =K56 -> 2500 | L55: =L56 -> 2500 | M55: ='3.ВС (2)'!J52 -> 2500 | N55: =O55-M55 -> 0 | O55: =J55 -> 2500 | P55: ='3.ВС (2)'!K52 -> 2500 | Q55: =R55-P55 -> 0 | R55: =K55 -> 2500 | S55: ='3.ВС (2)'!L52 -> 2500 | T55: =U55-S55 -> 0 | U55: =L55 -> 2500
A56: Закупка товаров, работ и услуг для обеспечения государственных (муниципальных) нужд | E56: 851 | F56: 01 | G56: 04 | H56: 51 4 01 84220 | I56: 200 | J56: =J57 -> 2500 | K56: =K57 -> 2500 | L56: =L57 -> 2500 | M56: ='3.ВС (2)'!J53 -> 2500 | N56: =O56-M56 -> 0 | O56: =J56 -> 2500 | P56: ='3.ВС (2)'!K53 -> 2500 | Q56: =R56-P56 -> 0 | R56: =K56 -> 2500 | S56: ='3.ВС (2)'!L53 -> 2500 | T56: =U56-S56 -> 0 | U56: =L56 -> 2500
A57: Иные закупки товаров, работ и услуг для обеспечения государственных (муниципальных) нужд | E57: 851 | F57: 01 | G57: 04 | H57: 51 4 01 84220 | I57: 240 | J57: 2500 | K57: 2500 | L57: 2500 | M57: ='3.ВС (2)'!J54 -> 2500 | N57: =O57-M57 -> 0 | O57: =J57 -> 2500 | P57: ='3.ВС (2)'!K54 -> 2500 | Q57: =R57-P57 -> 0 | R57: =K57 -> 2500 | S57: ='3.ВС (2)'!L54 -> 2500 | T57: =U57-S57 -> 0 | U57: =L57 -> 2500
A58: Реализация переданных полномочий по решению отдельных вопросов местного значения поселений в соответствии с заключенными соглашениями в части осуществления муниципального земельного контроля в границах поселений | E58: 851 | F58: 01 | G58: 04 | H58: 51 4 01 84230 | J58: =J59 -> 600 | K58: =K59 -> 600 | L58: =L59 -> 600 | M58: ='3.ВС (2)'!J55 -> 600 | N58: =O58-M58 -> 0 | O58: =J58 -> 600 | P58: ='3.ВС (2)'!K55 -> 600 | Q58: =R58-P58 -> 0 | R58: =K58 -> 600 | S58: ='3.ВС (2)'!L55 -> 600 | T58: =U58-S58 -> 0 | U58: =L58 -> 600
A59: Закупка товаров, работ и услуг для обеспечения государственных (муниципальных) нужд | E59: 851 | F59: 01 | G59: 04 | H59: 51 4 01 84230 | I59: 200 | J59: =J60 -> 600 | K59: =K60 -> 600 | L59: =L60 -> 600 | M59: ='3.ВС (2)'!J56 -> 600 | N59: =O59-M59 -> 0 | O59: =J59 -> 600 | P59: ='3.ВС (2)'!K56 -> 600 | Q59: =R59-P59 -> 0 | R59: =K59 -> 600 | S59: ='3.ВС (2)'!L56 -> 600 | T59: =U59-S59 -> 0 | U59: =L59 -> 600
A60: Иные закупки товаров, работ и услуг для обеспечения государственных (муниципальных) нужд | E60: 851 | F60: 01 | G60: 04 | H60: 51 4 01 84230 | I60: 240 | J60: 600 | K60: 600 | L60: 600 | M60: ='3.ВС (2)'!J57 -> 600 | N60: =O60-M60 -> 0 | O60: =J60 -> 600 | P60: ='3.ВС (2)'!K57 -> 600 | Q60: =R60-P60 -> 0 | R60: =K60 -> 600 | S60: ='3.ВС (2)'!L57 -> 600 | T60: =U60-S60 -> 0 | U60: =L60 -> 600
A61: Реализация переданных полномочий по решению отдельных вопросов местного значения поселений в соответствии с заключенными соглашениями в части осуществления муниципального жилищного контроля | E61: 851 | F61: 01 | G61: 04 | H61: 51 4 01 84440 | J61: =J62 -> 600 | K61: =K62 -> 600 | L61: =L62 -> 600 | M61: ='3.ВС (2)'!J58 -> 600 | N61: =O61-M61 -> 0 | O61: =J61 -> 600 | P61: ='3.ВС (2)'!K58 -> 600 | Q61: =R61-P61 -> 0 | R61: =K61 -> 600 | S61: ='3.ВС (2)'!L58 -> 600 | T61: =U61-S61 -> 0 | U61: =L61 -> 600
A62: Закупка товаров, работ и услуг для обеспечения государственных (муниципальных) нужд | E62: 851 | F62: 01 | G62: 04 | H62: 51 4 01 84440 | I62: 200 | J62: =J63 -> 600 | K62: =K63 -> 600 | L62: =L63 -> 600 | M62: ='3.ВС (2)'!J59 -> 600 | N62: =O62-M62 -> 0 | O62: =J62 -> 600 | P62: ='3.ВС (2)'!K59 -> 600 | Q62: =R62-P62 -> 0 | R62: =K62 -> 600 | S62: ='3.ВС (2)'!L59 -> 600 | T62: =U62-S62 -> 0 | U62: =L62 -> 600
A63: Иные закупки товаров, работ и услуг для обеспечения государственных (муниципальных) нужд | E63: 851 | F63: 01 | G63: 04 | H63: 51 4 01 84440 | I63: 240 | J63: 600 | K63: 600 | L63: 600 | M63: ='3.ВС (2)'!J60 -> 600 | N63: =O63-M63 -> 0 | O63: =J63 -> 600 | P63: ='3.ВС (2)'!K60 -> 600 | Q63: =R63-P63 -> 0 | R63: =K63 -> 600 | S63: ='3.ВС (2)'!L60 -> 600 | T63: =U63-S63 -> 0 | U63: =L63 -> 600
A64: Реализация переданных полномочий по решению отдельных вопросов местного значения поселений в соответствии с заключенными соглашениями в части осуществления муниципального контроля на автомобильном транспорте, городском наземном электрическом транспорте и в дорожном хозяйстве в границах населенных пунктов поселения | E64: 851 | F64: 01 | G64: 04 | H64: 51 4 01 84450 | J64: =J65 -> 600 | K64: =K65 -> 600 | L64: =L65 -> 600 | M64: ='3.ВС (2)'!J61 -> 600 | N64: =O64-M64 -> 0 | O64: =J64 -> 600 | P64: ='3.ВС (2)'!K61 -> 600 | Q64: =R64-P64 -> 0 | R64: =K64 -> 600 | S64: ='3.ВС (2)'!L61 -> 600 | T64: =U64-S64 -> 0 | U64: =L64 -> 600
A65: Закупка товаров, работ и услуг для обеспечения государственных (муниципальных) нужд | E65: 851 | F65: 01 | G65: 04 | H65: 51 4 01 84450 | I65: 200 | J65: =J66 -> 600 | K65: =K66 -> 600 | L65: =L66 -> 600 | M65: ='3.ВС (2)'!J62 -> 600 | N65: =O65-M65 -> 0 | O65: =J65 -> 600 | P65: ='3.ВС (2)'!K62 -> 600 | Q65: =R65-P65 -> 0 | R65: =K65 -> 600 | S65: ='3.ВС (2)'!L62 -> 600 | T65: =U65-S65 -> 0 | U65: =L65 -> 600
A66: Иные закупки товаров, работ и услуг для обеспечения государственных (муниципальных) нужд | E66: 851 | F66: 01 | G66: 04 | H66: 51 4 01 84450 | I66: 240 | J66: 600 | K66: 600 | L66: 600 | M66: ='3.ВС (2)'!J63 -> 600 | N66: =O66-M66 -> 0 | O66: =J66 -> 600 | P66: ='3.ВС (2)'!K63 -> 600 | Q66: =R66-P66 -> 0 | R66: =K66 -> 600 | S66: ='3.ВС (2)'!L63 -> 600 | T66: =U66-S66 -> 0 | U66: =L66 -> 600
A67: Реализация переданных полномочий по решению отдельных вопросов местного значения поселений в соответствии с заключенными соглашениями в части осуществления муниципального контроля в сфере благоустройства | E67: 851 | F67: 01 | G67: 04 | H67: 51 4 01 84460 | J67: =J68 -> 2100 | K67: =K68 -> 2100 | L67: =L68 -> 2100 | M67: ='3.ВС (2)'!J64 -> 2100 | N67: =O67-M67 -> 0 | O67: =J67 -> 2100 | P67: ='3.ВС (2)'!K64 -> 2100 | Q67: =R67-P67 -> 0 | R67: =K67 -> 2100 | S67: ='3.ВС (2)'!L64 -> 2100 | T67: =U67-S67 -> 0 | U67: =L67 -> 2100
A68: Закупка товаров, работ и услуг для обеспечения государственных (муниципальных) нужд | E68: 851 | F68: 01 | G68: 04 | H68: 51 4 01 84460 | I68: 200 | J68: =J69 -> 2100 | K68: =K69 -> 2100 | L68: =L69 -> 2100 | M68: ='3.ВС (2)'!J65 -> 2100 | N68: =O68-M68 -> 0 | O68: =J68 -> 2100 | P68: ='3.ВС (2)'!K65 -> 2100 | Q68: =R68-P68 -> 0 | R68: =K68 -> 2100 | S68: ='3.ВС (2)'!L65 -> 2100 | T68: =U68-S68 -> 0 | U68: =L68 -> 2100
A69: Иные закупки товаров, работ и услуг для обеспечения государственных (муниципальных) нужд | E69: 851 | F69: 01 | G69: 04 | H69: 51 4 01 84460 | I69: 240 | J69: 2100 | K69: 2100 | L69: 2100 | M69: ='3.ВС (2)'!J66 -> 2100 | N69: =O69-M69 -> 0 | O69: =J69 -> 2100 | P69: ='3.ВС (2)'!K66 -> 2100 | Q69: =R69-P69 -> 0 | R69: =K69 -> 2100 | S69: ='3.ВС (2)'!L66 -> 2100 | T69: =U69-S69 -> 0 | U69: =L69 -> 2100
A70: Судебная система | E70: 851 | F70: 01 | G70: 05 | J70: =J71 -> 43979 | K70: =K71 -> 4308 | L70: =L71 -> 4662 | M70: ='3.ВС (2)'!J67 -> 43979 | N70: =O70-M70 -> 0 | O70: =J70 -> 43979 | P70: ='3.ВС (2)'!K67 -> 4308 | Q70: =R70-P70 -> 0 | R70: =K70 -> 4308 | S70: ='3.ВС (2)'!L67 -> 4662 | T70: =U70-S70 -> 0 | U70: =L70 -> 4662
A71: Осуществление полномочий по составлению (изменению) списков кандидатов в присяжные заседатели федеральных судов общей юрисдикции в Российской Федерации | E71: 851 | F71: 01 | G71: 05 | H71: 51 4 04 51200 | J71: =J72 -> 43979 | K71: =K72 -> 4308 | L71: =L72 -> 4662 | M71: ='3.ВС (2)'!J68 -> 43979 | N71: =O71-M71 -> 0 | O71: =J71 -> 43979 | P71: ='3.ВС (2)'!K68 -> 4308 | Q71: =R71-P71 -> 0 | R71: =K71 -> 4308 | S71: ='3.ВС (2)'!L68 -> 4662 | T71: =U71-S71 -> 0 | U71: =L71 -> 4662
A72: Закупка товаров, работ и услуг для обеспечения государственных (муниципальных) нужд | E72: 851 | F72: 01 | G72: 05 | H72: 51 4 04 51200 | I72: 200 | J72: =J73 -> 43979 | K72: =K73 -> 4308 | L72: =L73 -> 4662 | M72: ='3.ВС (2)'!J69 -> 43979 | N72: =O72-M72 -> 0 | O72: =J72 -> 43979 | P72: ='3.ВС (2)'!K69 -> 4308 | Q72: =R72-P72 -> 0 | R72: =K72 -> 4308 | S72: ='3.ВС (2)'!L69 -> 4662 | T72: =U72-S72 -> 0 | U72: =L72 -> 4662
A73: Иные закупки товаров, работ и услуг для обеспечения государственных (муниципальных) нужд | E73: 851 | F73: 01 | G73: 05 | H73: 51 4 04 51200 | I73: 240 | J73: 43979 | K73: 4308 | L73: 4662 | M73: ='3.ВС (2)'!J70 -> 43979 | N73: =O73-M73 -> 0 | O73: =J73 -> 43979 | P73: ='3.ВС (2)'!K70 -> 4308 | Q73: =R73-P73 -> 0 | R73: =K73 -> 4308 | S73: ='3.ВС (2)'!L70 -> 4662 | T73: =U73-S73 -> 0 | U73: =L73 -> 4662
A74: Другие общегосударственные вопросы | E74: 851 | F74: 01 | G74: 13 | J74: =J78+J75+J81+J84 -> 5979400 | K74: =K78+K75+K81+K84 -> 5396400 | L74: =L78+L75+L81+L84 -> 5396400 | M74: ='3.ВС (2)'!J71 -> 5979400 | N74: =O74-M74 -> 0 | O74: =J74 -> 5979400 | P74: ='3.ВС (2)'!K71 -> 5396400 | Q74: =R74-P74 -> 0 | R74: =K74 -> 5396400 | S74: ='3.ВС (2)'!L71 -> 5396400 | T74: =U74-S74 -> 0 | U74: =L74 -> 5396400
A75: Повышение энергетической эффективности и обеспечения энергосбережения | E75: 851 | F75: 01 | G75: 13 | H75: 51 4 01 83260 | J75: =J76 -> 35500 | K75: =K76 -> 0 | L75: =L76 -> 0 | M75: ='3.ВС (2)'!J72 -> 35500 | N75: =O75-M75 -> 0 | O75: =J75 -> 35500 | P75: ='3.ВС (2)'!K72 -> 0 | Q75: =R75-P75 -> 0 | R75: =K75 -> 0 | S75: ='3.ВС (2)'!L72 -> 0 | T75: =U75-S75 -> 0 | U75: =L75 -> 0
A76: Закупка товаров, работ и услуг для обеспечения государственных (муниципальных) нужд | E76: 851 | F76: 01 | G76: 13 | H76: 51 4 01 83260 | I76: 200 | J76: =J77 -> 35500 | K76: =K77 -> 0 | L76: =L77 -> 0 | M76: ='3.ВС (2)'!J73 -> 35500 | N76: =O76-M76 -> 0 | O76: =J76 -> 35500 | P76: ='3.ВС (2)'!K73 -> 0 | Q76: =R76-P76 -> 0 | R76: =K76 -> 0 | S76: ='3.ВС (2)'!L73 -> 0 | T76: =U76-S76 -> 0 | U76: =L76 -> 0
A77: Иные закупки товаров, работ и услуг для обеспечения государственных (муниципальных) нужд | E77: 851 | F77: 01 | G77: 13 | H77: 51 4 01 83260 | I77: 240 | J77: 35500 | M77: ='3.ВС (2)'!J74 -> 35500 | N77: =O77-M77 -> 0 | O77: =J77 -> 35500 | P77: ='3.ВС (2)'!K74 -> 0 | Q77: =R77-P77 -> 0 | R77: =K77 -> 0 | S77: ='3.ВС (2)'!L74 -> 0 | T77: =U77-S77 -> 0 | U77: =L77 -> 0
A78: Оценка имущества, признание прав и регулирование отношений муниципальной собственности | E78: 851 | F78: 01 | G78: 13 | H78: 51 4 02 80900 | J78: =J79 -> 547500 | K78: =K79 -> 0 | L78: =L79 -> 0 | M78: ='3.ВС (2)'!J75 -> 547500 | N78: =O78-M78 -> 0 | O78: =J78 -> 547500 | P78: ='3.ВС (2)'!K75 -> 0 | Q78: =R78-P78 -> 0 | R78: =K78 -> 0 | S78: ='3.ВС (2)'!L75 -> 0 | T78: =U78-S78 -> 0 | U78: =L78 -> 0
A79: Закупка товаров, работ и услуг для обеспечения государственных (муниципальных) нужд | E79: 851 | F79: 01 | G79: 13 | H79: 51 4 02 80900 | I79: 200 | J79: =J80 -> 547500 | K79: =K80 -> 0 | L79: =L80 -> 0 | M79: ='3.ВС (2)'!J76 -> 547500 | N79: =O79-M79 -> 0 | O79: =J79 -> 547500 | P79: ='3.ВС (2)'!K76 -> 0 | Q79: =R79-P79 -> 0 | R79: =K79 -> 0 | S79: ='3.ВС (2)'!L76 -> 0 | T79: =U79-S79 -> 0 | U79: =L79 -> 0
A80: Иные закупки товаров, работ и услуг для обеспечения государственных (муниципальных) нужд | E80: 851 | F80: 01 | G80: 13 | H80: 51 4 02 80900 | I80: 240 | J80: 547500 | M80: ='3.ВС (2)'!J77 -> 547500 | N80: =O80-M80 -> 0 | O80: =J80 -> 547500 | P80: ='3.ВС (2)'!K77 -> 0 | Q80: =R80-P80 -> 0 | R80: =K80 -> 0 | S80: ='3.ВС (2)'!L77 -> 0 | T80: =U80-S80 -> 0 | U80: =L80 -> 0
A81: Эксплуатация и содержание имущества, находящегося в муниципальной собственности, арендованного недвижимого имущества | E81: 851 | F81: 01 | G81: 13 | H81: 51 4 02 80930 | J81: =J82 -> 352300 | K81: =K82 -> 352300 | L81: =L82 -> 352300 | M81: ='3.ВС (2)'!J78 -> 352300 | N81: =O81-M81 -> 0 | O81: =J81 -> 352300 | P81: ='3.ВС (2)'!K78 -> 352300 | Q81: =R81-P81 -> 0 | R81: =K81 -> 352300 | S81: ='3.ВС (2)'!L78 -> 352300 | T81: =U81-S81 -> 0 | U81: =L81 -> 352300
A82: Закупка товаров, работ и услуг для обеспечения государственных (муниципальных) нужд | E82: 851 | F82: 01 | G82: 13 | H82: 51 4 02 80930 | I82: 200 | J82: =J83 -> 352300 | K82: =K83 -> 352300 | L82: =L83 -> 352300 | M82: ='3.ВС (2)'!J79 -> 352300 | N82: =O82-M82 -> 0 | O82: =J82 -> 352300 | P82: ='3.ВС (2)'!K79 -> 352300 | Q82: =R82-P82 -> 0 | R82: =K82 -> 352300 | S82: ='3.ВС (2)'!L79 -> 352300 | T82: =U82-S82 -> 0 | U82: =L82 -> 352300
A83: Иные закупки товаров, работ и услуг для обеспечения государственных (муниципальных) нужд | E83: 851 | F83: 01 | G83: 13 | H83: 51 4 02 80930 | I83: 240 | J83: 352300 | K83: 352300 | L83: 352300 | M83: ='3.ВС (2)'!J80 -> 352300 | N83: =O83-M83 -> 0 | O83: =J83 -> 352300 | P83: ='3.ВС (2)'!K80 -> 352300 | Q83: =R83-P83 -> 0 | R83: =K83 -> 352300 | S83: ='3.ВС (2)'!L80 -> 352300 | T83: =U83-S83 -> 0 | U83: =L83 -> 352300
A84: Многофункциональные центры предоставления государственных и муниципальных услуг | E84: 851 | F84: 01 | G84: 13 | H84: 51 4 03 80710 | J84: =J85 -> 5044100 | K84: =K85 -> 5044100 | L84: =L85 -> 5044100 | M84: ='3.ВС (2)'!J81 -> 5044100 | N84: =O84-M84 -> 0 | O84: =J84 -> 5044100 | P84: ='3.ВС (2)'!K81 -> 5044100 | Q84: =R84-P84 -> 0 | R84: =K84 -> 5044100 | S84: ='3.ВС (2)'!L81 -> 5044100 | T84: =U84-S84 -> 0 | U84: =L84 -> 5044100
A85: Предоставление субсидий бюджетным, автономным учреждениям и иным некоммерческим организациям | E85: 851 | F85: 01 | G85: 13 | H85: 51 4 03 80710 | I85: 600 | J85: =J86 -> 5044100 | K85: =K86 -> 5044100 | L85: =L86 -> 5044100 | M85: ='3.ВС (2)'!J82 -> 5044100 | N85: =O85-M85 -> 0 | O85: =J85 -> 5044100 | P85: ='3.ВС (2)'!K82 -> 5044100 | Q85: =R85-P85 -> 0 | R85: =K85 -> 5044100 | S85: ='3.ВС (2)'!L82 -> 5044100 | T85: =U85-S85 -> 0 | U85: =L85 -> 5044100
A86: Субсидии бюджетным учреждениям | E86: 851 | F86: 01 | G86: 13 | H86: 51 4 03 80710 | I86: 610 | J86: 5044100 | K86: 5044100 | L86: 5044100 | M86: ='3.ВС (2)'!J83 -> 5044100 | N86: =O86-M86 -> 0 | O86: =J86 -> 5044100 | P86: ='3.ВС (2)'!K83 -> 5044100 | Q86: =R86-P86 -> 0 | R86: =K86 -> 5044100 | S86: ='3.ВС (2)'!L83 -> 5044100 | T86: =U86-S86 -> 0 | U86: =L86 -> 5044100
A87: Национальная оборона | E87: 851 | F87: 02 | J87: =J88 -> 1119810 | K87: =K88 -> 1248705 | L87: =L88 -> 1588844 | M87: ='3.ВС (2)'!J84 -> 1119810 | N87: =O87-M87 -> 0 | O87: =J87 -> 1119810 | P87: ='3.ВС (2)'!K84 -> 1248705 | Q87: =R87-P87 -> 0 | R87: =K87 -> 1248705 | S87: ='3.ВС (2)'!L84 -> 1588844 | T87: =U87-S87 -> 0 | U87: =L87 -> 1588844
A88: Мобилизационная и вневойсковая подготовка | E88: 851 | F88: 02 | G88: 03 | J88: =J89 -> 1119810 | K88: =K89 -> 1248705 | L88: =L89 -> 1588844 | M88: ='3.ВС (2)'!J85 -> 1119810 | N88: =O88-M88 -> 0 | O88: =J88 -> 1119810 | P88: ='3.ВС (2)'!K85 -> 1248705 | Q88: =R88-P88 -> 0 | R88: =K88 -> 1248705 | S88: ='3.ВС (2)'!L85 -> 1588844 | T88: =U88-S88 -> 0 | U88: =L88 -> 1588844
A89: Осуществление первичного воинского учета органами местного самоуправления поселений, муниципальных и городских округов | E89: 851 | F89: 02 | G89: 03 | H89: 51 4 04 51180 | J89: =J90+J92 -> 1119810 | K89: =K90+K92 -> 1248705 | L89: =L90+L92 -> 1588844 | M89: ='3.ВС (2)'!J86 -> 1119810 | N89: =O89-M89 -> 0 | O89: =J89 -> 1119810 | P89: ='3.ВС (2)'!K86 -> 1248705 | Q89: =R89-P89 -> 0 | R89: =K89 -> 1248705 | S89: ='3.ВС (2)'!L86 -> 1588844 | T89: =U89-S89 -> 0 | U89: =L89 -> 1588844
A90: Расходы на выплаты персоналу в целях обеспечения выполнения функций государственными (муниципальными) органами, казенными учреждениями, органами управления государственными внебюджетными фондами | E90: 851 | F90: 02 | G90: 03 | H90: 51 4 04 51180 | I90: 100 | J90: =J91 -> 940709 | K90: =K91 -> 1132382 | L90: =L91 -> 1262582 | M90: ='3.ВС (2)'!J87 -> 940709 | N90: =O90-M90 -> 0 | O90: =J90 -> 940709 | P90: ='3.ВС (2)'!K87 -> 1132382 | Q90: =R90-P90 -> 0 | R90: =K90 -> 1132382 | S90: ='3.ВС (2)'!L87 -> 1262582 | T90: =U90-S90 -> 0 | U90: =L90 -> 1262582
A91: Расходы на выплаты персоналу государственных (муниципальных) органов | E91: 851 | F91: 02 | G91: 03 | H91: 51 4 04 51180 | I91: 120 | J91: 940709 | K91: 1132382 | L91: 1262582 | M91: ='3.ВС (2)'!J88 -> 940709 | N91: =O91-M91 -> 0 | O91: =J91 -> 940709 | P91: ='3.ВС (2)'!K88 -> 1132382 | Q91: =R91-P91 -> 0 | R91: =K91 -> 1132382 | S91: ='3.ВС (2)'!L88 -> 1262582 | T91: =U91-S91 -> 0 | U91: =L91 -> 1262582
A92: Закупка товаров, работ и услуг для обеспечения государственных (муниципальных) нужд | E92: 851 | F92: 02 | G92: 03 | H92: 51 4 04 51180 | I92: 200 | J92: =J93 -> 179101 | K92: =K93 -> 116323 | L92: =L93 -> 326262 | M92: ='3.ВС (2)'!J89 -> 179101 | N92: =O92-M92 -> 0 | O92: =J92 -> 179101 | P92: ='3.ВС (2)'!K89 -> 116323 | Q92: =R92-P92 -> 0 | R92: =K92 -> 116323 | S92: ='3.ВС (2)'!L89 -> 326262 | T92: =U92-S92 -> 0 | U92: =L92 -> 326262
A93: Иные закупки товаров, работ и услуг для обеспечения государственных (муниципальных) нужд | E93: 851 | F93: 02 | G93: 03 | H93: 51 4 04 51180 | I93: 240 | J93: 179101 | K93: 116323 | L93: 326262 | M93: ='3.ВС (2)'!J90 -> 179101 | N93: =O93-M93 -> 0 | O93: =J93 -> 179101 | P93: ='3.ВС (2)'!K90 -> 116323 | Q93: =R93-P93 -> 0 | R93: =K93 -> 116323 | S93: ='3.ВС (2)'!L90 -> 326262 | T93: =U93-S93 -> 0 | U93: =L93 -> 326262
A94: Национальная безопасность и правоохранительная деятельность | E94: 851 | F94: 03 | J94: =J95 -> 6969400 | K94: =K95 -> 5897800 | L94: =L95 -> 5897800 | M94: ='3.ВС (2)'!J91 -> 6969400 | N94: =O94-M94 -> 0 | O94: =J94 -> 6969400 | P94: ='3.ВС (2)'!K91 -> 5897800 | Q94: =R94-P94 -> 0 | R94: =K94 -> 5897800 | S94: ='3.ВС (2)'!L91 -> 5897800 | T94: =U94-S94 -> 0 | U94: =L94 -> 5897800
A95: Защита населения и территории от чрезвычайных ситуаций природного и техногенного характера, пожарная безопасность | E95: 851 | F95: 03 | G95: 10 | J95: =J96+J103 -> 6969400 | K95: =K96+K103 -> 5897800 | L95: =L96+L103 -> 5897800 | M95: ='3.ВС (2)'!J92 -> 6969400 | N95: =O95-M95 -> 0 | O95: =J95 -> 6969400 | P95: ='3.ВС (2)'!K92 -> 5897800 | Q95: =R95-P95 -> 0 | R95: =K95 -> 5897800 | S95: ='3.ВС (2)'!L92 -> 5897800 | T95: =U95-S95 -> 0 | U95: =L95 -> 5897800
A96: Единые дежурно-диспетчерские службы | E96: 851 | F96: 03 | G96: 10 | H96: 51 4 05 80700 | J96: =J97+J99+J101 -> 5939100 | K96: =K97+K99+K101 -> 5597800 | L96: =L97+L99+L101 -> 5597800 | M96: ='3.ВС (2)'!J93 -> 5873100 | N96: =O96-M96 -> 66000 | O96: =J96 -> 5939100 | P96: ='3.ВС (2)'!K93 -> 5597800 | Q96: =R96-P96 -> 0 | R96: =K96 -> 5597800 | S96: ='3.ВС (2)'!L93 -> 5597800 | T96: =U96-S96 -> 0 | U96: =L96 -> 5597800
A97: Расходы на выплаты персоналу в целях обеспечения выполнения функций государственными (муниципальными) органами, казенными учреждениями, органами управления государственными внебюджетными фондами | E97: 851 | F97: 03 | G97: 10 | H97: 51 4 05 80700 | I97: 100 | J97: =J98 -> 4467100 | K97: =K98 -> 4467100 | L97: =L98 -> 4467100 | M97: ='3.ВС (2)'!J94 -> 4467100 | N97: =O97-M97 -> 0 | O97: =J97 -> 4467100 | P97: ='3.ВС (2)'!K94 -> 4467100 | Q97: =R97-P97 -> 0 | R97: =K97 -> 4467100 | S97: ='3.ВС (2)'!L94 -> 4467100 | T97: =U97-S97 -> 0 | U97: =L97 -> 4467100
A98: Расходы на выплаты персоналу казенных учреждений | E98: 851 | F98: 03 | G98: 10 | H98: 51 4 05 80700 | I98: 110 | J98: 4467100 | K98: 4467100 | L98: 4467100 | M98: ='3.ВС (2)'!J95 -> 4467100 | N98: =O98-M98 -> 0 | O98: =J98 -> 4467100 | P98: ='3.ВС (2)'!K95 -> 4467100 | Q98: =R98-P98 -> 0 | R98: =K98 -> 4467100 | S98: ='3.ВС (2)'!L95 -> 4467100 | T98: =U98-S98 -> 0 | U98: =L98 -> 4467100
A99: Закупка товаров, работ и услуг для обеспечения государственных (муниципальных) нужд | E99: 851 | F99: 03 | G99: 10 | H99: 51 4 05 80700 | I99: 200 | J99: =J100 -> 1463100 | K99: =K100 -> 1121800 | L99: =L100 -> 1121800 | M99: ='3.ВС (2)'!J96 -> 1397100 | N99: =O99-M99 -> 66000 | O99: =J99 -> 1463100 | P99: ='3.ВС (2)'!K96 -> 1121800 | Q99: =R99-P99 -> 0 | R99: =K99 -> 1121800 | S99: ='3.ВС (2)'!L96 -> 1121800 | T99: =U99-S99 -> 0 | U99: =L99 -> 1121800
A100: Иные закупки товаров, работ и услуг для обеспечения государственных (муниципальных) нужд | E100: 851 | F100: 03 | G100: 10 | H100: 51 4 05 80700 | I100: 240 | J100: =1397100+66000 -> 1463100 | K100: 1121800 | L100: 1121800 | M100: ='3.ВС (2)'!J97 -> 1397100 | N100: =O100-M100 -> 66000 | O100: =J100 -> 1463100 | P100: ='3.ВС (2)'!K97 -> 1121800 | Q100: =R100-P100 -> 0 | R100: =K100 -> 1121800 | S100: ='3.ВС (2)'!L97 -> 1121800 | T100: =U100-S100 -> 0 | U100: =L100 -> 1121800
A101: Иные бюджетные ассигнования | E101: 851 | F101: 03 | G101: 10 | H101: 51 4 05 80700 | I101: 800 | J101: =J102 -> 8900 | K101: =K102 -> 8900 | L101: =L102 -> 8900 | M101: ='3.ВС (2)'!J98 -> 8900 | N101: =O101-M101 -> 0 | O101: =J101 -> 8900 | P101: ='3.ВС (2)'!K98 -> 8900 | Q101: =R101-P101 -> 0 | R101: =K101 -> 8900 | S101: ='3.ВС (2)'!L98 -> 8900 | T101: =U101-S101 -> 0 | U101: =L101 -> 8900
A102: Уплата налогов, сборов и иных платежей | E102: 851 | F102: 03 | G102: 10 | H102: 51 4 05 80700 | I102: 850 | J102: 8900 | K102: 8900 | L102: 8900 | M102: ='3.ВС (2)'!J99 -> 8900 | N102: =O102-M102 -> 0 | O102: =J102 -> 8900 | P102: ='3.ВС (2)'!K99 -> 8900 | Q102: =R102-P102 -> 0 | R102: =K102 -> 8900 | S102: ='3.ВС (2)'!L99 -> 8900 | T102: =U102-S102 -> 0 | U102: =L102 -> 8900
A103: Оповещение населения об опасностях, возникающих при ведении военных действий и возникновении чрезвычайных ситуаций | E103: 851 | F103: 03 | G103: 10 | H103: 51 4 05 81200 | J103: =J104 -> 1030300 | K103: =K104 -> 300000 | L103: =L104 -> 300000 | M103: ='3.ВС (2)'!J100 -> 1096300 | N103: =O103-M103 -> -66000 | O103: =J103 -> 1030300 | P103: ='3.ВС (2)'!K100 -> 300000 | Q103: =R103-P103 -> 0 | R103: =K103 -> 300000 | S103: ='3.ВС (2)'!L100 -> 300000 | T103: =U103-S103 -> 0 | U103: =L103 -> 300000
...

Sheet 4.ФС
H1: Приложение 4
H2: к Решению Клетнянского районного Совета народных депутатов "О бюджете Клетнянского муниципального района Брянской области на 2026 год и на плановый период 2027 и 2028 годов
A3: Распределение бюджетных ассигнований по разделам, подразделам, целевым статьям (муниципальным программам и непрограммным направлениям деятельности), группам и подгруппам видов расходов классификации расходов на 2026 год и на плановый период 2027 и 2028 годов
L4: рублей
A5: Наименование | E5: Гл | F5: Рз | G5: Пр | H5: ЦСР | I5: ВР | J5: 2026 год | K5: 2027 год | L5: 2028 год
A6: Общегосударственные вопросы | E6: 854 | F6: 01 | J6: =J7+J13+J71+J75+J93+J97 -> 60997846 | K6: =K7+K13+K71+K75+K93+K97 -> 56423935 | L6: =L7+L13+L71+L75+L93+L97 -> 64541616
A7: Функционирование законодательных (представительных) органов государственной власти и представительных органов муниципальных образований | E7: 854 | F7: 01 | G7: 03 | J7: =J8 -> 648000 | K7: =K8 -> 648000 | L7: =L8 -> 648000
A8: Руководство и управление в сфере установленных функций органов местного самоуправления | E8: 854 | F8: 01 | G8: 03 | H8: 70 0 00 80040 | J8: =J9+J11 -> 648000 | K8: =K9+K11 -> 648000 | L8: =L9+L11 -> 648000
A9: Расходы на выплаты персоналу в целях обеспечения выполнения функций государственными (муниципальными) органами, казенными учреждениями, органами управления государственными внебюджетными фондами | E9: 854 | F9: 01 | G9: 03 | H9: 70 0 00 80040 | I9: 100 | J9: =J10 -> 593700 | K9: =K10 -> 593700 | L9: =L10 -> 593700
A10: Расходы на выплаты персоналу государственных (муниципальных) органов | E10: 854 | F10: 01 | G10: 03 | H10: 70 0 00 80040 | I10: 120 | J10: ='3.ВС'!J414 -> 593700 | K10: ='3.ВС'!K414 -> 593700 | L10: ='3.ВС'!L414 -> 593700
A11: Закупка товаров, работ и услуг для обеспечения государственных (муниципальных) нужд | E11: 854 | F11: 01 | G11: 03 | H11: 70 0 00 80040 | I11: 200 | J11: =J12 -> 54300 | K11: =K12 -> 54300 | L11: =L12 -> 54300
A12: Иные закупки товаров, работ и услуг для обеспечения государственных (муниципальных) нужд | E12: 854 | F12: 01 | G12: 03 | H12: 70 0 00 80040 | I12: 240 | J12: ='3.ВС'!J416 -> 54300 | K12: ='3.ВС'!K416 -> 54300 | L12: ='3.ВС'!L416 -> 54300
A13: Функционирование Правительства Российской Федерации, высших исполнительных органов субъектов Российской Федерации, местных администраций | E13: 851 | F13: 01 | G13: 04 | J13: =J14+J19+J24+J27+J32+J37+J40+J56+J47+J50+J53+J59+J62+J65+J68 -> 41786328 | K13: =K14+K19+K24+K27+K32+K37+K40+K56+K47+K50+K53+K59+K62+K65+K68 -> 33919427 | L13: =L14+L19+L24+L27+L32+L37+L40+L56+L47+L50+L53+L59+L62+L65+L68 -> 37253558
A14: Осуществление отдельных государственных полномочий Брянской области в сфере деятельности по профилактике безнадзорности и правонарушений несовершеннолетних, организации деятельности административных комиссий и определения перечня должностных лиц органов местного самоуправления, уполномоченных составлять протоколы об административных правонарушениях (осуществление отдельных государственных полномочий Брянской области в сфере деятельности по профилактике безнадзорности и правонарушений несовершеннолетних) | E14: 851 | F14: 01 | G14: 04 | H14: 51 4 01 12021 | J14: =J15+J17 -> 766676 | K14: =K15+K17 -> 766676 | L14: =L15+L17 -> 766676
A15: Расходы на выплаты персоналу в целях обеспечения выполнения функций государственными (муниципальными) органами, казенными учреждениями, органами управления государственными внебюджетными фондами | E15: 851 | F15: 01 | G15: 04 | H15: 51 4 01 12021 | I15: 100 | J15: =J16 -> 747400 | K15: =K16 -> 747400 | L15: =L16 -> 747400
A16: Расходы на выплаты персоналу государственных (муниципальных) органов | E16: 851 | F16: 01 | G16: 04 | H16: 51 4 01 12021 | I16: 120 | J16: ='3.ВС'!J15 -> 747400 | K16: ='3.ВС'!K15 -> 747400 | L16: ='3.ВС'!L15 -> 747400
A17: Закупка товаров, работ и услуг для обеспечения государственных (муниципальных) нужд | E17: 851 | F17: 01 | G17: 04 | H17: 51 4 01 12021 | I17: 200 | J17: =J18 -> 19276 | K17: =K18 -> 19276 | L17: =L18 -> 19276
A18: Иные закупки товаров, работ и услуг для обеспечения государственных (муниципальных) нужд | E18: 851 | F18: 01 | G18: 04 | H18: 51 4 01 12021 | I18: 240 | J18: ='3.ВС'!J17 -> 19276 | K18: ='3.ВС'!K17 -> 19276 | L18: ='3.ВС'!L17 -> 19276
A19: Осуществление отдельных государственных полномочий Брянской области в сфере деятельности по профилактике безнадзорности и правонарушений несовершеннолетних, организации деятельности административных комиссий и определения перечня должностных лиц органов местного самоуправления, уполномоченных составлять протоколы об административных правонарушениях (осуществление отдельных государственных полномочий Брянской области по организации деятельности административных комиссий ) | E19: 851 | F19: 01 | G19: 04 | H19: 51 4 01 12022 | J19: =J20+J22 -> 766676 | K19: =K20+K22 -> 766676 | L19: =L20+L22 -> 766676
A20: Расходы на выплаты персоналу в целях обеспечения выполнения функций государственными (муниципальными) органами, казенными учреждениями, органами управления государственными внебюджетными фондами | E20: 851 | F20: 01 | G20: 04 | H20: 51 4 01 12022 | I20: 100 | J20: =J21 -> 704100 | K20: =K21 -> 704100 | L20: =L21 -> 704100
A21: Расходы на выплаты персоналу государственных (муниципальных) органов | E21: 851 | F21: 01 | G21: 04 | H21: 51 4 01 12022 | I21: 120 | J21: ='3.ВС'!J20 -> 704100 | K21: ='3.ВС'!K20 -> 704100 | L21: ='3.ВС'!L20 -> 704100
A22: Закупка товаров, работ и услуг для обеспечения государственных (муниципальных) нужд | E22: 851 | F22: 01 | G22: 04 | H22: 51 4 01 12022 | I22: 200 | J22: =J23 -> 62576 | K22: =K23 -> 62576 | L22: =L23 -> 62576
A23: Иные закупки товаров, работ и услуг для обеспечения государственных (муниципальных) нужд | E23: 851 | F23: 01 | G23: 04 | H23: 51 4 01 12022 | I23: 240 | J23: ='3.ВС'!J22 -> 62576 | K23: ='3.ВС'!K22 -> 62576 | L23: ='3.ВС'!L22 -> 62576
A24: Осуществление отдельных государственных полномочий Брянской области в сфере деятельности по профилактике безнадзорности и правонарушений несовершеннолетних, организации деятельности административных комиссий и определения перечня должностных лиц органов местного самоуправления, уполномоченных составлять протоколы об административных правонарушениях (осуществление отдельных государственных полномочий Брянской области по определению перечня должностных лиц органов местного самоуправления, уполномоченных составлять протоколы об административных правонарушениях) | E24: 851 | F24: 01 | G24: 04 | H24: 51 4 01 12023 | J24: =J25 -> 400 | K24: =K25 -> 400 | L24: =L25 -> 400
A25: Закупка товаров, работ и услуг для обеспечения государственных (муниципальных) нужд | E25: 851 | F25: 01 | G25: 04 | H25: 51 4 01 12023 | I25: 200 | J25: =J26 -> 400 | K25: =K26 -> 400 | L25: =L26 -> 400
A26: Иные закупки товаров, работ и услуг для обеспечения государственных (муниципальных) нужд | E26: 851 | F26: 01 | G26: 04 | H26: 51 4 01 12023 | I26: 240 | J26: ='3.ВС'!J25 -> 400 | K26: ='3.ВС'!K25 -> 400 | L26: ='3.ВС'!L25 -> 400
A27: Установление регулируемых тарифов на регулярные перевозки пассажиров и багажа автомобильным транспортом и городским наземным электрическим транспортом по муниципальным маршрутам регулярных перевозок | E27: 851 | F27: 01 | G27: 04 | H27: 51 4 01 17390 | J27: =J28+J30 -> 76668 | K27: =K28+K30 -> 76668 | L27: =L28+L30 -> 76668
A28: Расходы на выплаты персоналу в целях обеспечения выполнения функций государственными (муниципальными) органами, казенными учреждениями, органами управления государственными внебюджетными фондами | E28: 851 | F28: 01 | G28: 04 | H28: 51 4 01 17390 | I28: 100 | J28: =J29 -> 54850 | K28: =K29 -> 54850 | L28: =L29 -> 54850
A29: Расходы на выплаты персоналу государственных (муниципальных) органов | E29: 851 | F29: 01 | G29: 04 | H29: 51 4 01 17390 | I29: 120 | J29: ='3.ВС'!J28 -> 54850 | K29: ='3.ВС'!K28 -> 54850 | L29: ='3.ВС'!L28 -> 54850
A30: Закупка товаров, работ и услуг для обеспечения государственных (муниципальных) нужд | E30: 851 | F30: 01 | G30: 04 | H30: 51 4 01 17390 | I30: 200 | J30: =J31 -> 21818 | K30: =K31 -> 21818 | L30: =L31 -> 21818
A31: Иные закупки товаров, работ и услуг для обеспечения государственных (муниципальных) нужд | E31: 851 | F31: 01 | G31: 04 | H31: 51 4 01 17390 | I31: 240 | J31: ='3.ВС'!J30 -> 21818 | K31: ='3.ВС'!K30 -> 21818 | L31: ='3.ВС'!L30 -> 21818
A32: Осуществление отдельных полномочий в области охраны труда и уведомительной регистрации территориальных соглашений и коллективных договоров | E32: 851 | F32: 01 | G32: 04 | H32: 51 4 01 17900 | J32: =J33+J35 -> 383338 | K32: =K33+K35 -> 383338 | L32: =L33+L35 -> 383338
A33: Расходы на выплаты персоналу в целях обеспечения выполнения функций государственными (муниципальными) органами, казенными учреждениями, органами управления государственными внебюджетными фондами | E33: 851 | F33: 01 | G33: 04 | H33: 51 4 01 17900 | I33: 100 | J33: =J34 -> 288500 | K33: =K34 -> 288500 | L33: =L34 -> 288500
A34: Расходы на выплаты персоналу государственных (муниципальных) органов | E34: 851 | F34: 01 | G34: 04 | H34: 51 4 01 17900 | I34: 120 | J34: ='3.ВС'!J33 -> 288500 | K34: ='3.ВС'!K33 -> 288500 | L34: ='3.ВС'!L33 -> 288500
A35: Закупка товаров, работ и услуг для обеспечения государственных (муниципальных) нужд | E35: 851 | F35: 01 | G35: 04 | H35: 51 4 01 17900 | I35: 200 | J35: =J36 -> 94838 | K35: =K36 -> 94838 | L35: =L36 -> 94838
A36: Иные закупки товаров, работ и услуг для обеспечения государственных (муниципальных) нужд | E36: 851 | F36: 01 | G36: 04 | H36: 51 4 01 17900 | I36: 240 | J36: ='3.ВС'!J35 -> 94838 | K36: ='3.ВС'!K35 -> 94838 | L36: ='3.ВС'!L35 -> 94838
A37: Обеспечение деятельности главы местной администрации (исполнительно-распорядительного органа муниципального образования) | E37: 851 | F37: 01 | G37: 04 | H37: 51 4 01 80020 | J37: =J38 -> 2348200 | K37: =K38 -> 2348200 | L37: =L38 -> 2348200
A38: Расходы на выплаты персоналу в целях обеспечения выполнения функций государственными (муниципальными) органами, казенными учреждениями, органами управления государственными внебюджетными фондами | E38: 851 | F38: 01 | G38: 04 | H38: 51 4 01 80020 | I38: 100 | J38: =J39 -> 2348200 | K38: =K39 -> 2348200 | L38: =L39 -> 2348200
A39: Расходы на выплаты персоналу государственных (муниципальных) органов | E39: 851 | F39: 01 | G39: 04 | H39: 51 4 01 80020 | I39: 120 | J39: ='3.ВС'!J38 -> 2348200 | K39: ='3.ВС'!K38 -> 2348200 | L39: ='3.ВС'!L38 -> 2348200
A40: Руководство и управление в сфере установленных функций органов местного самоуправления | E40: 851 | F40: 01 | G40: 04 | H40: 51 4 01 80040 | J40: =J41+J43+J45 -> 37159970 | K40: =K41+K43+K45 -> 29571069 | L40: =L41+L43+L45 -> 32905200
A41: Расходы на выплаты персоналу в целях обеспечения выполнения функций государственными (муниципальными) органами, казенными учреждениями, органами управления государственными внебюджетными фондами | E41: 851 | F41: 01 | G41: 04 | H41: 51 4 01 80040 | I41: 100 | J41: =J42 -> 31483200 | K41: =K42 -> 26733469 | L41: =L42 -> 30067600
A42: Расходы на выплаты персоналу государственных (муниципальных) органов | E42: 851 | F42: 01 | G42: 04 | H42: 51 4 01 80040 | I42: 120 | J42: ='3.ВС'!J41 -> 31483200 | K42: ='3.ВС'!K41 -> 26733469 | L42: ='3.ВС'!L41 -> 30067600
A43: Закупка товаров, работ и услуг для обеспечения государственных (муниципальных) нужд | E43: 851 | F43: 01 | G43: 04 | H43: 51 4 01 80040 | I43: 200 | J43: =J44 -> 5578470 | K43: =K44 -> 2739300 | L43: =L44 -> 2739300
A44: Иные закупки товаров, работ и услуг для обеспечения государственных (муниципальных) нужд | E44: 851 | F44: 01 | G44: 04 | H44: 51 4 01 80040 | I44: 240 | J44: ='3.ВС'!J43 -> 5578470 | K44: ='3.ВС'!K43 -> 2739300 | L44: ='3.ВС'!L43 -> 2739300
A45: Иные бюджетные ассигнования | E45: 851 | F45: 01 | G45: 04 | H45: 51 4 01 80040 | I45: 800 | J45: =J46 -> 98300 | K45: =K46 -> 98300 | L45: =L46 -> 98300
A46: Уплата налогов, сборов и иных платежей | E46: 851 | F46: 01 | G46: 04 | H46: 51 4 01 80040 | I46: 850 | J46: ='3.ВС'!J45 -> 98300 | K46: ='3.ВС'!K45 -> 98300 | L46: ='3.ВС'!L45 -> 98300
A47: Информационное освещение деятельности органов местного самоуправления | E47: 851 | F47: 01 | G47: 04 | H47: 51 4 01 80070 | J47: =J48 -> 100000 | K47: =K48 -> 0 | L47: =L48 -> 0
A48: Закупка товаров, работ и услуг для обеспечения государственных (муниципальных) нужд | E48: 851 | F48: 01 | G48: 04 | H48: 51 4 01 80070 | I48: 200 | J48: =J49 -> 100000 | K48: =K49 -> 0 | L48: =L49 -> 0
A49: Иные закупки товаров, работ и услуг для обеспечения государственных (муниципальных) нужд | E49: 851 | F49: 01 | G49: 04 | H49: 51 4 01 80070 | I49: 240 | J49: ='3.ВС'!J48 -> 100000 | K49: ='3.ВС'!K48 -> 0 | L49: ='3.ВС'!L48 -> 0
A50: Опубликование нормативных правовых актов муниципальных образований и иной официальной информации | E50: 851 | F50: 01 | G50: 04 | H50: 51 4 01 80100 | J50: =J51 -> 100000 | K50: =K51 -> 0 | L50: =L51 -> 0
A51: Закупка товаров, работ и услуг для обеспечения государственных (муниципальных) нужд | E51: 851 | F51: 01 | G51: 04 | H51: 51 4 01 80100 | I51: 200 | J51: =J52 -> 100000 | K51: =K52 -> 0 | L51: =L52 -> 0
A52: Иные закупки товаров, работ и услуг для обеспечения государственных (муниципальных) нужд | E52: 851 | F52: 01 | G52: 04 | H52: 51 4 01 80100 | I52: 240 | J52: ='3.ВС'!J51 -> 100000 | K52: ='3.ВС'!K51 -> 0 | L52: ='3.ВС'!L51 -> 0
A53: Членские взносы некоммерческим организациям | E53: 851 | F53: 01 | G53: 04 | H53: 51 4 01 81410 | J53: =J54 -> 78000 | K53: =K54 -> 0 | L53: =L54 -> 0
A54: Иные бюджетные ассигнования | E54: 851 | F54: 01 | G54: 04 | H54: 51 4 01 81410 | I54: 800 | J54: =J55 -> 78000 | K54: =K55 -> 0 | L54: =L55 -> 0
A55: Уплата налогов, сборов и иных платежей | E55: 851 | F55: 01 | G55: 04 | H55: 51 4 01 81410 | I55: 850 | J55: ='3.ВС'!J54 -> 78000 | K55: ='3.ВС'!K54 -> 0 | L55: ='3.ВС'!L54 -> 0
A56: Реализация переданных полномочий по решению отдельных вопросов местного значения поселений в соответствии с заключенными соглашениями в части формирования архивных фондов поселений | E56: 851 | F56: 01 | G56: 04 | H56: 51 4 01 84220 | J56: =J57 -> 2500 | K56: =K57 -> 2500 | L56: =L57 -> 2500
A57: Закупка товаров, работ и услуг для обеспечения государственных (муниципальных) нужд | E57: 851 | F57: 01 | G57: 04 | H57: 51 4 01 84220 | I57: 200 | J57: =J58 -> 2500 | K57: =K58 -> 2500 | L57: =L58 -> 2500
A58: Иные закупки товаров, работ и услуг для обеспечения государственных (муниципальных) нужд | E58: 851 | F58: 01 | G58: 04 | H58: 51 4 01 84220 | I58: 240 | J58: ='3.ВС'!J57 -> 2500 | K58: ='3.ВС'!K57 -> 2500 | L58: ='3.ВС'!L57 -> 2500
A59: Реализация переданных полномочий по решению отдельных вопросов местного значения поселений в соответствии с заключенными соглашениями в части осуществления муниципального земельного контроля в границах поселений | E59: 851 | F59: 01 | G59: 04 | H59: 51 4 01 84230 | J59: =J60 -> 600 | K59: =K60 -> 600 | L59: =L60 -> 600
A60: Закупка товаров, работ и услуг для обеспечения государственных (муниципальных) нужд | E60: 851 | F60: 01 | G60: 04 | H60: 51 4 01 84230 | I60: 200 | J60: =J61 -> 600 | K60: =K61 -> 600 | L60: =L61 -> 600
A61: Иные закупки товаров, работ и услуг для обеспечения государственных (муниципальных) нужд | E61: 851 | F61: 01 | G61: 04 | H61: 51 4 01 84230 | I61: 240 | J61: ='3.ВС'!J60 -> 600 | K61: ='3.ВС'!K60 -> 600 | L61: ='3.ВС'!L60 -> 600
A62: Реализация переданных полномочий по решению отдельных вопросов местного значения поселений в соответствии с заключенными соглашениями в части осуществления муниципального жилищного контроля | E62: 851 | F62: 01 | G62: 04 | H62: 51 4 01 84440 | J62: =J63 -> 600 | K62: =K63 -> 600 | L62: =L63 -> 600
A63: Закупка товаров, работ и услуг для обеспечения государственных (муниципальных) нужд | E63: 851 | F63: 01 | G63: 04 | H63: 51 4 01 84440 | I63: 200 | J63: =J64 -> 600 | K63: =K64 -> 600 | L63: =L64 -> 600
A64: Иные закупки товаров, работ и услуг для обеспечения государственных (муниципальных) нужд | E64: 851 | F64: 01 | G64: 04 | H64: 51 4 01 84440 | I64: 240 | J64: ='3.ВС'!J63 -> 600 | K64: ='3.ВС'!K63 -> 600 | L64: ='3.ВС'!L63 -> 600
A65: Реализация переданных полномочий по решению отдельных вопросов местного значения поселений в соответствии с заключенными соглашениями в части осуществления муниципального контроля на автомобильном транспорте, городском наземном электрическом транспорте и в дорожном хозяйстве в границах населенных пунктов поселения | E65: 851 | F65: 01 | G65: 04 | H65: 51 4 01 84450 | J65: =J66 -> 600 | K65: =K66 -> 600 | L65: =L66 -> 600
A66: Закупка товаров, работ и услуг для обеспечения государственных (муниципальных) нужд | E66: 851 | F66: 01 | G66: 04 | H66: 51 4 01 84450 | I66: 200 | J66: =J67 -> 600 | K66: =K67 -> 600 | L66: =L67 -> 600
A67: Иные закупки товаров, работ и услуг для обеспечения государственных (муниципальных) нужд | E67: 851 | F67: 01 | G67: 04 | H67: 51 4 01 84450 | I67: 240 | J67: ='3.ВС'!J66 -> 600 | K67: ='3.ВС'!K66 -> 600 | L67: ='3.ВС'!L66 -> 600
A68: Реализация переданных полномочий по решению отдельных вопросов местного значения поселений в соответствии с заключенными соглашениями в части осуществления муниципального контроля в сфере благоустройства | E68: 851 | F68: 01 | G68: 04 | H68: 51 4 01 84460 | J68: =J69 -> 2100 | K68: =K69 -> 2100 | L68: =L69 -> 2100
A69: Закупка товаров, работ и услуг для обеспечения государственных (муниципальных) нужд | E69: 851 | F69: 01 | G69: 04 | H69: 51 4 01 84460 | I69: 200 | J69: =J70 -> 2100 | K69: =K70 -> 2100 | L69: =L70 -> 2100
A70: Иные закупки товаров, работ и услуг для обеспечения государственных (муниципальных) нужд | E70: 851 | F70: 01 | G70: 04 | H70: 51 4 01 84460 | I70: 240 | J70: ='3.ВС'!J69 -> 2100 | K70: ='3.ВС'!K69 -> 2100 | L70: ='3.ВС'!L69 -> 2100
A71: Судебная система | E71: 851 | F71: 01 | G71: 05 | J71: =J72 -> 43979 | K71: =K72 -> 4308 | L71: =L72 -> 4662
A72: Осуществление полномочий по составлению (изменению) списков кандидатов в присяжные заседатели федеральных судов общей юрисдикции в Российской Федерации | E72: 851 | F72: 01 | G72: 05 | H72: 51 4 04 51200 | J72: =J73 -> 43979 | K72: =K73 -> 4308 | L72: =L73 -> 4662
A73: Закупка товаров, работ и услуг для обеспечения государственных (муниципальных) нужд | E73: 851 | F73: 01 | G73: 05 | H73: 51 4 04 51200 | I73: 200 | J73: =J74 -> 43979 | K73: =K74 -> 4308 | L73: =L74 -> 4662
A74: Иные закупки товаров, работ и услуг для обеспечения государственных (муниципальных) нужд | E74: 851 | F74: 01 | G74: 05 | H74: 51 4 04 51200 | I74: 240 | J74: ='3.ВС'!J73 -> 43979 | K74: ='3.ВС'!K73 -> 4308 | L74: ='3.ВС'!L73 -> 4662
A75: Обеспечение деятельности финансовых, налоговых и таможенных органов и органов финансового (финансово-бюджетного) надзора | E75: 853 | F75: 01 | G75: 06 | J75: =J76+J81+J84+J87+J90 -> 11600139 | K75: =K76+K81+K84+K87+K90 -> 10719600 | L75: =L76+L81+L84+L87+L90 -> 10719600
A76: Руководство и управление в сфере установленных функций органов местного самоуправления | E76: 853 | F76: 01 | G76: 06 | H76: 53 4 01 80040 | J76: =J77+J79 -> 10303539 | K76: =K77+K79 -> 9423000 | L76: =L77+L79 -> 9423000
A77: Расходы на выплаты персоналу в целях обеспечения выполнения функций государственными (муниципальными) органами, казенными учреждениями, органами управления государственными внебюджетными фондами | E77: 853 | F77: 01 | G77: 06 | H77: 53 4 01 80040 | I77: 100 | J77: =J78 -> 10029200 | K77: =K78 -> 9379000 | L77: =L78 -> 9379000
A78: Расходы на выплаты персоналу государственных (муниципальных) органов | E78: 853 | F78: 01 | G78: 06 | H78: 53 4 01 80040 | I78: 120 | J78: ='3.ВС'!J386 -> 10029200 | K78: ='3.ВС'!K386 -> 9379000 | L78: ='3.ВС'!L386 -> 9379000
A79: Закупка товаров, работ и услуг для обеспечения государственных (муниципальных) нужд | E79: 853 | F79: 01 | G79: 06 | H79: 53 4 01 80040 | I79: 200 | J79: =J80 -> 274339.09 | K79: =K80 -> 44000 | L79: =L80 -> 44000
A80: Иные закупки товаров, работ и услуг для обеспечения государственных (муниципальных) нужд | E80: 853 | F80: 01 | G80: 06 | H80: 53 4 01 80040 | I80: 240 | J80: ='3.ВС'!J388 -> 274339.09 | K80: ='3.ВС'!K388 -> 44000 | L80: ='3.ВС'!L388 -> 44000
A81: Реализация переданных полномочий по решению отдельных вопросов местного значения поселений в соответствии с заключенными соглашениями в части осуществления внутреннего муниципального финансового контроля | F81: 01 | G81: 06 | H81: 53 4 01 84400 | J81: =J82 -> 2400 | K81: =K82 -> 2400 | L81: =L82 -> 2400
A82: Закупка товаров, работ и услуг для обеспечения государственных (муниципальных) нужд | F82: 01 | G82: 06 | H82: 53 4 01 84400 | I82: 200 | J82: =J83 -> 2400 | K82: =K83 -> 2400 | L82: =L83 -> 2400
A83: Иные закупки товаров, работ и услуг для обеспечения государственных (муниципальных) нужд | F83: 01 | G83: 06 | H83: 53 4 01 84400 | I83: 240 | J83: ='3.ВС'!J391 -> 2400 | K83: ='3.ВС'!K391 -> 2400 | L83: ='3.ВС'!L391 -> 2400
A84: Руководство и управление в сфере установленных функций органов местного самоуправления | E84: 857 | F84: 01 | G84: 06 | H84: 70 0 00 80040 | J84: =J85 -> 4500 | K84: =K85 -> 4500 | L84: =L85 -> 4500
A85: Закупка товаров, работ и услуг для обеспечения государственных (муниципальных) нужд | D85: 01 | E85: 857 | F85: 01 | G85: 06 | H85: 70 0 00 80040 | I85: 200 | J85: =J86 -> 4500 | K85: =K86 -> 4500 | L85: =L86 -> 4500
A86: Иные закупки товаров, работ и услуг для обеспечения государственных (муниципальных) нужд | D86: 01 | E86: 857 | F86: 01 | G86: 06 | H86: 70 0 00 80040 | I86: 240 | J86: ='3.ВС'!J422 -> 4500 | K86: ='3.ВС'!K422 -> 4500 | L86: ='3.ВС'!L422 -> 4500
A87: Обеспечение деятельности руководителя контрольно-счетного органа муниципального образования и его заместителей | E87: 857 | F87: 01 | G87: 06 | H87: 70 0 00 80050 | J87: =J88 -> 1271700 | K87: =K88 -> 1271700 | L87: =L88 -> 1271700
A88: Расходы на выплаты персоналу в целях обеспечения выполнения функций государственными (муниципальными) органами, казенными учреждениями, органами управления государственными внебюджетными фондами | E88: 857 | F88: 01 | G88: 06 | H88: 70 0 00 80050 | I88: 100 | J88: =J89 -> 1271700 | K88: =K89 -> 1271700 | L88: =L89 -> 1271700
A89: Расходы на выплаты персоналу государственных (муниципальных) органов | E89: 857 | F89: 01 | G89: 06 | H89: 70 0 00 80050 | I89: 120 | J89: ='3.ВС'!J425 -> 1271700 | K89: ='3.ВС'!K425 -> 1271700 | L89: ='3.ВС'!L425 -> 1271700
A90: Реализация переданных полномочий по решению отдельных вопросов местного значения поселений в соответствии с заключенными соглашениями в части осуществления внешнего муниципального финансового контроля | D90: 01 | E90: 857 | F90: 01 | G90: 06 | H90: 70 0 00 84200 | J90: =J91 -> 18000 | K90: =K91 -> 18000 | L90: =L91 -> 18000
A91: Закупка товаров, работ и услуг для обеспечения государственных (муниципальных) нужд | D91: 01 | E91: 857 | F91: 01 | G91: 06 | H91: 70 0 00 84200 | I91: 200 | J91: =J92 -> 18000 | K91: =K92 -> 18000 | L91: =L92 -> 18000
A92: Иные закупки товаров, работ и услуг для обеспечения государственных (муниципальных) нужд | D92: 01 | E92: 857 | F92: 01 | G92: 06 | H92: 70 0 00 84200 | I92: 240 | J92: ='3.ВС'!J428 -> 18000 | K92: ='3.ВС'!K428 -> 18000 | L92: ='3.ВС'!L428 -> 18000
A93: Резервные фонды | E93: 853 | F93: 01 | G93: 11 | J93: =J94 -> 940000 | K93: =K94 -> 0 | L93: =L94 -> 0
A94: Резервный фонд местной администрации | E94: 853 | F94: 01 | G94: 11 | H94: 70 0 00 83030 | J94: =J95 -> 940000 | K94: =K95 -> 0 | L94: =L95 -> 0
A95: Иные бюджетные ассигнования | E95: 853 | F95: 01 | G95: 11 | H95: 70 0 00 83030 | I95: 800 | J95: =J96 -> 940000 | K95: =K96 -> 0 | L95: =L96 -> 0
A96: Резервные средства | E96: 853 | F96: 01 | G96: 11 | H96: 70 0 00 83030 | I96: 870 | J96: ='3.ВС'!J395 -> 940000 | K96: ='3.ВС'!K395 -> 0 | L96: ='3.ВС'!L395 -> 0
A97: Другие общегосударственные вопросы | E97: 851 | F97: 01 | G97: 13 | J97: =J98+J101+J104+J107+J110 -> 5979400 | K97: =K98+K101+K104+K107+K110 -> 11132600 | L97: =L98+L101+L104+L107+L110 -> 15915796
A98: Повышение энергетической эффективности и обеспечения энергосбережения | E98: 851 | F98: 01 | G98: 13 | H98: 51 4 01 83260 | J98: =J99 -> 35500 | K98: =K99 -> 0 | L98: =L99 -> 0
A99: Закупка товаров, работ и услуг для обеспечения государственных (муниципальных) нужд | E99: 851 | F99: 01 | G99: 13 | H99: 51 4 01 83260 | I99: 200 | J99: =J100 -> 35500 | K99: =K100 -> 0 | L99: =L100 -> 0
A100: Иные закупки товаров, работ и услуг для обеспечения государственных (муниципальных) нужд | E100: 851 | F100: 01 | G100: 13 | H100: 51 4 01 83260 | I100: 240 | J100: ='3.ВС'!J77 -> 35500 | K100: ='3.ВС'!K77 -> 0 | L100: ='3.ВС'!L77 -> 0
...

Sheet 5.ПС
B1: Приложение 5
B2: к Решению Клетнянского районного Совета народных депутатов "О бюджете Клетнянского муниципального района Брянской области на 2026 год и на плановый период 2027 и 2028 годов
A3: Распределение расходов бюджета Клетнянского муниципального района Брянской области по целевым статьям (муниципальным программам и непрограммным направлениям деятельности), группам и подгруппам видов расходов на 2026 год и на плановый период 2027 и 208 годов
L4: рублей
A5: Наименование | B5: МП | C5: ППМП | D5: ОМ | E5: ГРБС | F5: Рз | G5: Пр | H5: НР | I5: ВР | J5: 2026 год | K5: 2027 год | L5: 2028 год
A6: Обеспечение реализации полномочий Клетнянского муниципального района | B6: 51 | J6: =J7+J69+J83+J88+J98+J110+J115+J126+J134+J147+J155+J160+J165+J170+J175+J193+J202+J240+J246+J266+J279+J183+J188 -> 4.303588e+08 | K6: =K7+K69+K83+K88+K98+K110+K115+K126+K134+K147+K155+K160+K165+K170+K175+K193+K202+K240+K246+K266+K279+K183+K188 -> 1.8011994e+08 | L6: =L7+L69+L83+L88+L98+L110+L115+L126+L134+L147+L155+L160+L165+L170+L175+L193+L202+L240+L246+L266+L279+L183+L188 -> 1.4892004e+08
A7: Обеспечение эффективной деятельности главы и аппарата исполнительно-распорядительного органа муниципального образования | B7: 51 | C7: 0 | D7: 01 | J7: =J8 -> 41821828 | K7: =K8 -> 33919427 | L7: =L8 -> 37253558
A8: Администрация Клетнянского района | B8: 51 | C8: 0 | D8: 01 | E8: 851 | J8: =J9+J14+J19+J22+J27+J32+J35+J42+J45+J48+J51+J54+J57+J60+J63+J66 -> 41821828 | K8: =K9+K14+K19+K22+K27+K32+K35+K42+K45+K48+K51+K54+K57+K60+K63+K66 -> 33919427 | L8: =L9+L14+L19+L22+L27+L32+L35+L42+L45+L48+L51+L54+L57+L60+L63+L66 -> 37253558
A9: Осуществление отдельных государственных полномочий Брянской области в сфере деятельности по профилактике безнадзорности и правонарушений несовершеннолетних, организации деятельности административных комиссий и определения перечня должностных лиц органов местного самоуправления, уполномоченных составлять протоколы об административных правонарушениях (осуществление отдельных государственных полномочий Брянской области в сфере деятельности по профилактике безнадзорности и правонарушений несовершеннолетних) | B9: 51 | C9: 0 | D9: 01 | E9: 851 | F9: 01, 10 | G9: 13, 06 | H9: 12021 | J9: =J10+J12 -> 766676 | K9: =K10+K12 -> 766676 | L9: =L10+L12 -> 766676
A10: Расходы на выплаты персоналу в целях обеспечения выполнения функций государственными (муниципальными) органами, казенными учреждениями, органами управления государственными внебюджетными фондами | B10: 51 | C10: 0 | D10: 01 | E10: 851 | F10: 01, 10 | G10: 13, 06 | H10: 12021 | I10: 100 | J10: =J11 -> 747400 | K10: =K11 -> 747400 | L10: =L11 -> 747400
A11: Расходы на выплаты персоналу государственных (муниципальных) органов | B11: 51 | C11: 0 | D11: 01 | E11: 851 | F11: 01, 10 | G11: 13, 06 | H11: 12021 | I11: 120 | J11: ='3.ВС'!J15 -> 747400 | K11: ='3.ВС'!K15 -> 747400 | L11: ='3.ВС'!L15 -> 747400
A12: Закупка товаров, работ и услуг для обеспечения государственных (муниципальных) нужд | B12: 51 | C12: 0 | D12: 01 | E12: 851 | F12: 01, 10 | G12: 13, 06 | H12: 12021 | I12: 200 | J12: =J13 -> 19276 | K12: =K13 -> 19276 | L12: =L13 -> 19276
A13: Иные закупки товаров, работ и услуг для обеспечения государственных (муниципальных) нужд | B13: 51 | C13: 0 | D13: 01 | E13: 851 | F13: 01, 10 | G13: 13, 06 | H13: 12021 | I13: 240 | J13: ='3.ВС'!J17 -> 19276 | K13: ='3.ВС'!K17 -> 19276 | L13: ='3.ВС'!L17 -> 19276
A14: Осуществление отдельных государственных полномочий Брянской области в сфере деятельности по профилактике безнадзорности и правонарушений несовершеннолетних, организации деятельности административных комиссий и определения перечня должностных лиц органов местного самоуправления, уполномоченных составлять протоколы об административных правонарушениях (осуществление отдельных государственных полномочий Брянской области по организации деятельности административных комиссий ) | B14: 51 | C14: 0 | D14: 01 | E14: 851 | F14: 01, 10 | G14: 13, 06 | H14: 12022 | J14: =J15+J17 -> 766676 | K14: =K15+K17 -> 766676 | L14: =L15+L17 -> 766676
A15: Расходы на выплаты персоналу в целях обеспечения выполнения функций государственными (муниципальными) органами, казенными учреждениями, органами управления государственными внебюджетными фондами | B15: 51 | C15: 0 | D15: 01 | E15: 851 | F15: 01 | G15: 13 | H15: 12022 | I15: 100 | J15: =J16 -> 704100 | K15: =K16 -> 704100 | L15: =L16 -> 704100
A16: Расходы на выплаты персоналу государственных (муниципальных) органов | B16: 51 | C16: 0 | D16: 01 | E16: 851 | F16: 01 | G16: 13 | H16: 12022 | I16: 120 | J16: ='3.ВС'!J20 -> 704100 | K16: ='3.ВС'!K20 -> 704100 | L16: ='3.ВС'!L20 -> 704100
A17: Закупка товаров, работ и услуг для обеспечения государственных (муниципальных) нужд | B17: 51 | C17: 0 | D17: 01 | E17: 851 | F17: 01 | G17: 13 | H17: 12022 | I17: 200 | J17: =J18 -> 62576 | K17: =K18 -> 62576 | L17: =L18 -> 62576
A18: Иные закупки товаров, работ и услуг для обеспечения государственных (муниципальных) нужд | B18: 51 | C18: 0 | D18: 01 | E18: 851 | F18: 01 | G18: 13 | H18: 12022 | I18: 240 | J18: ='3.ВС'!J22 -> 62576 | K18: ='3.ВС'!K22 -> 62576 | L18: ='3.ВС'!L22 -> 62576
A19: Осуществление отдельных государственных полномочий Брянской области в сфере деятельности по профилактике безнадзорности и правонарушений несовершеннолетних, организации деятельности административных комиссий и определения перечня должностных лиц органов местного самоуправления, уполномоченных составлять протоколы об административных правонарушениях (осуществление отдельных государственных полномочий Брянской области по определению перечня должностных лиц органов местного самоуправления, уполномоченных составлять протоколы об административных правонарушениях) | B19: 51 | C19: 0 | D19: 01 | E19: 851 | F19: 01 | G19: 13 | H19: 12023 | J19: =J20 -> 400 | K19: =K20 -> 400 | L19: =L20 -> 400
A20: Закупка товаров, работ и услуг для обеспечения государственных (муниципальных) нужд | B20: 51 | C20: 0 | D20: 01 | E20: 851 | F20: 01 | G20: 13 | H20: 12023 | I20: 200 | J20: =J21 -> 400 | K20: =K21 -> 400 | L20: =L21 -> 400
A21: Иные закупки товаров, работ и услуг для обеспечения государственных (муниципальных) нужд | B21: 51 | C21: 0 | D21: 01 | E21: 851 | F21: 01 | G21: 13 | H21: 12023 | I21: 240 | J21: ='3.ВС'!J25 -> 400 | K21: ='3.ВС'!K25 -> 400 | L21: ='3.ВС'!L25 -> 400
A22: Установление регулируемых тарифов на регулярные перевозки пассажиров и багажа автомобильным транспортом и городским наземным электрическим транспортом по муниципальным маршрутам регулярных перевозок | B22: 51 | C22: 0 | D22: 01 | E22: 851 | F22: 04 | G22: 12 | H22: 17390 | J22: =J23+J25 -> 76668 | K22: =K23+K25 -> 76668 | L22: =L23+L25 -> 76668
A23: Расходы на выплаты персоналу в целях обеспечения выполнения функций государственными (муниципальными) органами, казенными учреждениями, органами управления государственными внебюджетными фондами | B23: 51 | C23: 0 | D23: 01 | E23: 851 | F23: 04 | G23: 12 | H23: 17390 | I23: 100 | J23: =J24 -> 54850 | K23: =K24 -> 54850 | L23: =L24 -> 54850
A24: Расходы на выплаты персоналу государственных (муниципальных) органов | B24: 51 | C24: 0 | D24: 01 | E24: 851 | F24: 04 | G24: 12 | H24: 17390 | I24: 120 | J24: ='3.ВС'!J28 -> 54850 | K24: ='3.ВС'!K28 -> 54850 | L24: ='3.ВС'!L28 -> 54850
A25: Закупка товаров, работ и услуг для обеспечения государственных (муниципальных) нужд | B25: 51 | C25: 0 | D25: 01 | E25: 851 | F25: 04 | G25: 12 | H25: 17390 | I25: 200 | J25: =J26 -> 21818 | K25: =K26 -> 21818 | L25: =L26 -> 21818
A26: Иные закупки товаров, работ и услуг для обеспечения государственных (муниципальных) нужд | B26: 51 | C26: 0 | D26: 01 | E26: 851 | F26: 04 | G26: 12 | H26: 17390 | I26: 240 | J26: ='3.ВС'!J30 -> 21818 | K26: ='3.ВС'!K30 -> 21818 | L26: ='3.ВС'!L30 -> 21818
A27: Осуществление отдельных полномочий в области охраны труда и уведомительной регистрации территориальных соглашений и коллективных договоров | B27: 51 | C27: 0 | D27: 01 | E27: 851 | F27: 04 | G27: 12 | H27: 17900 | J27: =J28+J30 -> 383338 | K27: =K28+K30 -> 383338 | L27: =L28+L30 -> 383338
A28: Расходы на выплаты персоналу в целях обеспечения выполнения функций государственными (муниципальными) органами, казенными учреждениями, органами управления государственными внебюджетными фондами | B28: 51 | C28: 0 | D28: 01 | E28: 851 | F28: 04 | G28: 12 | H28: 17900 | I28: 100 | J28: =J29 -> 288500 | K28: =K29 -> 288500 | L28: =L29 -> 288500
A29: Расходы на выплаты персоналу государственных (муниципальных) органов | B29: 51 | C29: 0 | D29: 01 | E29: 851 | F29: 04 | G29: 12 | H29: 17900 | I29: 120 | J29: ='3.ВС'!J33 -> 288500 | K29: ='3.ВС'!K33 -> 288500 | L29: ='3.ВС'!L33 -> 288500
A30: Закупка товаров, работ и услуг для обеспечения государственных (муниципальных) нужд | B30: 51 | C30: 0 | D30: 01 | E30: 851 | F30: 04 | G30: 12 | H30: 17900 | I30: 200 | J30: =J31 -> 94838 | K30: =K31 -> 94838 | L30: =L31 -> 94838
A31: Иные закупки товаров, работ и услуг для обеспечения государственных (муниципальных) нужд | B31: 51 | C31: 0 | D31: 01 | E31: 851 | F31: 04 | G31: 12 | H31: 17900 | I31: 240 | J31: ='3.ВС'!J35 -> 94838 | K31: ='3.ВС'!K35 -> 94838 | L31: ='3.ВС'!L35 -> 94838
A32: Обеспечение деятельности главы местной администрации (исполнительно-распорядительного органа муниципального образования) | B32: 51 | C32: 0 | D32: 01 | E32: 851 | F32: 01 | G32: 04 | H32: 80020 | J32: =J33 -> 2348200 | K32: =K33 -> 2348200 | L32: =L33 -> 2348200
A33: Расходы на выплаты персоналу в целях обеспечения выполнения функций государственными (муниципальными) органами, казенными учреждениями, органами управления государственными внебюджетными фондами | B33: 51 | C33: 0 | D33: 01 | E33: 851 | F33: 01 | G33: 04 | H33: 80020 | I33: 100 | J33: =J34 -> 2348200 | K33: =K34 -> 2348200 | L33: =L34 -> 2348200
A34: Расходы на выплаты персоналу государственных (муниципальных) органов | B34: 51 | C34: 0 | D34: 01 | E34: 851 | F34: 01 | G34: 04 | H34: 80020 | I34: 120 | J34: ='3.ВС'!J38 -> 2348200 | K34: ='3.ВС'!K38 -> 2348200 | L34: ='3.ВС'!L38 -> 2348200
A35: Руководство и управление в сфере установленных функций органов местного самоуправления | B35: 51 | C35: 0 | D35: 01 | E35: 851 | F35: 01 | G35: 04 | H35: 80040 | J35: =J36+J38+J40 -> 37159970 | K35: =K36+K38+K40 -> 29571069 | L35: =L36+L38+L40 -> 32905200
A36: Расходы на выплаты персоналу в целях обеспечения выполнения функций государственными (муниципальными) органами, казенными учреждениями, органами управления государственными внебюджетными фондами | B36: 51 | C36: 0 | D36: 01 | E36: 851 | F36: 01 | G36: 04 | H36: 80040 | I36: 100 | J36: =J37 -> 31483200 | K36: =K37 -> 26733469 | L36: =L37 -> 30067600
A37: Расходы на выплаты персоналу государственных (муниципальных) органов | B37: 51 | C37: 0 | D37: 01 | E37: 851 | F37: 01 | G37: 04 | H37: 80040 | I37: 120 | J37: ='3.ВС'!J41 -> 31483200 | K37: ='3.ВС'!K41 -> 26733469 | L37: ='3.ВС'!L41 -> 30067600
A38: Закупка товаров, работ и услуг для обеспечения государственных (муниципальных) нужд | B38: 51 | C38: 0 | D38: 01 | E38: 851 | F38: 01 | G38: 04 | H38: 80040 | I38: 200 | J38: =J39 -> 5578470 | K38: =K39 -> 2739300 | L38: =L39 -> 2739300
A39: Иные закупки товаров, работ и услуг для обеспечения государственных (муниципальных) нужд | B39: 51 | C39: 0 | D39: 01 | E39: 851 | F39: 01 | G39: 04 | H39: 80040 | I39: 240 | J39: ='3.ВС'!J43 -> 5578470 | K39: ='3.ВС'!K43 -> 2739300 | L39: ='3.ВС'!L43 -> 2739300
A40: Иные бюджетные ассигнования | B40: 51 | C40: 0 | D40: 01 | E40: 851 | F40: 01 | G40: 04 | H40: 80040 | I40: 800 | J40: =J41 -> 98300 | K40: =K41 -> 98300 | L40: =L41 -> 98300
A41: Уплата налогов, сборов и иных платежей | B41: 51 | C41: 0 | D41: 01 | E41: 851 | F41: 01 | G41: 04 | H41: 80040 | I41: 850 | J41: ='3.ВС'!J45 -> 98300 | K41: ='3.ВС'!K45 -> 98300 | L41: ='3.ВС'!L45 -> 98300
A42: Информационное освещение деятельности органов местного самоуправления | B42: 51 | C42: 0 | D42: 01 | E42: 851 | F42: 01 | G42: 04 | H42: 80070 | J42: =J43 -> 100000 | K42: =K43 -> 0 | L42: =L43 -> 0
A43: Закупка товаров, работ и услуг для обеспечения государственных (муниципальных) нужд | B43: 51 | C43: 0 | D43: 01 | E43: 851 | F43: 01 | G43: 04 | H43: 80070 | I43: 200 | J43: =J44 -> 100000 | K43: =K44 -> 0 | L43: =L44 -> 0
A44: Иные закупки товаров, работ и услуг для обеспечения государственных (муниципальных) нужд | B44: 51 | C44: 0 | D44: 01 | E44: 851 | F44: 01 | G44: 04 | H44: 80070 | I44: 240 | J44: ='3.ВС'!J48 -> 100000 | K44: ='3.ВС'!K48 -> 0 | L44: ='3.ВС'!L48 -> 0
A45: Опубликование нормативных правовых актов муниципальных образований и иной официальной информации | B45: 51 | C45: 0 | D45: 01 | E45: 851 | F45: 01 | G45: 04 | H45: 80100 | J45: =J46 -> 100000 | K45: =K46 -> 0 | L45: =L46 -> 0
A46: Закупка товаров, работ и услуг для обеспечения государственных (муниципальных) нужд | B46: 51 | C46: 0 | D46: 01 | E46: 851 | F46: 01 | G46: 04 | H46: 80100 | I46: 200 | J46: =J47 -> 100000 | K46: =K47 -> 0 | L46: =L47 -> 0
A47: Иные закупки товаров, работ и услуг для обеспечения государственных (муниципальных) нужд | B47: 51 | C47: 0 | D47: 01 | E47: 851 | F47: 01 | G47: 04 | H47: 80100 | I47: 240 | J47: ='3.ВС'!J51 -> 100000 | K47: ='3.ВС'!K51 -> 0 | L47: ='3.ВС'!L51 -> 0
A48: Членские взносы некоммерческим организациям | B48: 51 | C48: 0 | D48: 01 | E48: 851 | F48: 01 | G48: 04 | H48: 81410 | J48: =J49 -> 78000 | K48: =K49 -> 0 | L48: =L49 -> 0
A49: Иные бюджетные ассигнования | B49: 51 | C49: 0 | D49: 01 | E49: 851 | F49: 01 | G49: 04 | H49: 81410 | I49: 800 | J49: =J50 -> 78000 | K49: =K50 -> 0 | L49: =L50 -> 0
A50: Уплата налогов, сборов и иных платежей | B50: 51 | C50: 0 | D50: 01 | E50: 851 | F50: 01 | G50: 04 | H50: 81410 | I50: 850 | J50: ='3.ВС'!J54 -> 78000 | K50: ='3.ВС'!K54 -> 0 | L50: ='3.ВС'!L54 -> 0
A51: Повышение энергетической эффективности и обеспечения энергосбережения | B51: 51 | C51: 0 | D51: 01 | E51: 851 | F51: 01 | G51: 13 | H51: 83260 | J51: =J52 -> 35500 | K51: =K52 -> 0 | L51: =L52 -> 0
A52: Закупка товаров, работ и услуг для обеспечения государственных (муниципальных) нужд | B52: 51 | C52: 0 | D52: 01 | E52: 851 | F52: 01 | G52: 13 | H52: 83260 | I52: 200 | J52: =J53 -> 35500 | K52: =K53 -> 0 | L52: =L53 -> 0
A53: Иные закупки товаров, работ и услуг для обеспечения государственных (муниципальных) нужд | B53: 51 | C53: 0 | D53: 01 | E53: 851 | F53: 01 | G53: 13 | H53: 83260 | I53: 240 | J53: ='3.ВС'!J77 -> 35500 | K53: ='3.ВС'!K77 -> 0 | L53: ='3.ВС'!L77 -> 0
A54: Реализация переданных полномочий по решению отдельных вопросов местного значения поселений в соответствии с заключенными соглашениями в части формирования архивных фондов поселений | B54: 51 | C54: 0 | D54: 01 | E54: 851 | F54: 01 | G54: 04 | H54: 84220 | J54: =J55 -> 2500 | K54: =K55 -> 2500 | L54: =L55 -> 2500
A55: Закупка товаров, работ и услуг для обеспечения государственных (муниципальных) нужд | B55: 51 | C55: 0 | D55: 01 | E55: 851 | F55: 01 | G55: 04 | H55: 84220 | I55: 200 | J55: =J56 -> 2500 | K55: =K56 -> 2500 | L55: =L56 -> 2500
A56: Иные закупки товаров, работ и услуг для обеспечения государственных (муниципальных) нужд | B56: 51 | C56: 0 | D56: 01 | E56: 851 | F56: 01 | G56: 04 | H56: 84220 | I56: 240 | J56: ='3.ВС'!J57 -> 2500 | K56: ='3.ВС'!K57 -> 2500 | L56: ='3.ВС'!L57 -> 2500
A57: Реализация переданных полномочий по решению отдельных вопросов местного значения поселений в соответствии с заключенными соглашениями в части осуществления муниципального земельного контроля в границах поселений | B57: 51 | C57: 0 | D57: 01 | E57: 851 | H57: 84230 | J57: =J58 -> 600 | K57: =K58 -> 600 | L57: =L58 -> 600
A58: Закупка товаров, работ и услуг для обеспечения государственных (муниципальных) нужд | B58: 51 | C58: 0 | D58: 01 | E58: 851 | H58: 84230 | I58: 200 | J58: =J59 -> 600 | K58: =K59 -> 600 | L58: =L59 -> 600
A59: Иные закупки товаров, работ и услуг для обеспечения государственных (муниципальных) нужд | B59: 51 | C59: 0 | D59: 01 | E59: 851 | H59: 84230 | I59: 240 | J59: ='3.ВС'!J60 -> 600 | K59: ='3.ВС'!K60 -> 600 | L59: ='3.ВС'!L60 -> 600
A60: Реализация переданных полномочий по решению отдельных вопросов местного значения поселений в соответствии с заключенными соглашениями в части осуществления муниципального жилищного контроля | B60: 51 | C60: 0 | D60: 01 | E60: 851 | H60: 84440 | J60: =J61 -> 600 | K60: =K61 -> 600 | L60: =L61 -> 600
A61: Закупка товаров, работ и услуг для обеспечения государственных (муниципальных) нужд | B61: 51 | C61: 0 | D61: 01 | E61: 851 | H61: 84440 | I61: 200 | J61: =J62 -> 600 | K61: =K62 -> 600 | L61: =L62 -> 600
A62: Иные закупки товаров, работ и услуг для обеспечения государственных (муниципальных) нужд | B62: 51 | C62: 0 | D62: 01 | E62: 851 | H62: 84440 | I62: 240 | J62: ='3.ВС'!J63 -> 600 | K62: ='3.ВС'!K63 -> 600 | L62: ='3.ВС'!L63 -> 600
A63: Реализация переданных полномочий по решению отдельных вопросов местного значения поселений в соответствии с заключенными соглашениями в части осуществления муниципального контроля на автомобильном транспорте, городском наземном электрическом транспорте и в дорожном хозяйстве в границах населенных пунктов поселения | B63: 51 | C63: 0 | D63: 01 | E63: 851 | H63: 84450 | J63: =J64 -> 600 | K63: =K64 -> 600 | L63: =L64 -> 600
A64: Закупка товаров, работ и услуг для обеспечения государственных (муниципальных) нужд | B64: 51 | C64: 0 | D64: 01 | E64: 851 | H64: 84450 | I64: 200 | J64: =J65 -> 600 | K64: =K65 -> 600 | L64: =L65 -> 600
A65: Иные закупки товаров, работ и услуг для обеспечения государственных (муниципальных) нужд | B65: 51 | C65: 0 | D65: 01 | E65: 851 | H65: 84450 | I65: 240 | J65: ='3.ВС'!J66 -> 600 | K65: ='3.ВС'!K66 -> 600 | L65: ='3.ВС'!L66 -> 600
A66: Реализация переданных полномочий по решению отдельных вопросов местного значения поселений в соответствии с заключенными соглашениями в части осуществления муниципального контроля в сфере благоустройства | B66: 51 | C66: 0 | D66: 01 | E66: 851 | H66: 84460 | J66: =J67 -> 2100 | K66: =K67 -> 2100 | L66: =L67 -> 2100
A67: Закупка товаров, работ и услуг для обеспечения государственных (муниципальных) нужд | B67: 51 | C67: 0 | D67: 01 | E67: 851 | H67: 84460 | I67: 200 | J67: =J68 -> 2100 | K67: =K68 -> 2100 | L67: =L68 -> 2100
A68: Иные закупки товаров, работ и услуг для обеспечения государственных (муниципальных) нужд | B68: 51 | C68: 0 | D68: 01 | E68: 851 | H68: 84460 | I68: 240 | J68: ='3.ВС'!J69 -> 2100 | K68: ='3.ВС'!K69 -> 2100 | L68: ='3.ВС'!L69 -> 2100
A69: Обеспечение эффективного управления муниципальным имуществом | B69: 51 | C69: 0 | D69: 02 | J69: =J70 -> 1109841.9 | K69: =K70 -> 516795.22 | L69: =L70 -> 516795.22
A70: Администрация Клетнянского района | B70: 51 | C70: 0 | D70: 02 | E70: 851 | J70: =J71+J74+J77+J80 -> 1109841.9 | K70: =K71+K74+K77+K80 -> 516795.22 | L70: =L71+L74+L77+L80 -> 516795.22
A71: Оценка имущества, признание прав и регулирование отношений муниципальной собственности | B71: 51 | C71: 0 | D71: 02 | E71: 851 | F71: 01 | G71: 13 | H71: 80900 | J71: =J72 -> 547500 | K71: =K72 -> 0 | L71: =L72 -> 0
A72: Закупка товаров, работ и услуг для обеспечения государственных (муниципальных) нужд | B72: 51 | C72: 0 | D72: 02 | E72: 851 | F72: 01 | G72: 13 | H72: 80900 | I72: 200 | J72: =J73 -> 547500 | K72: =K73 -> 0 | L72: =L73 -> 0
A73: Иные закупки товаров, работ и услуг для обеспечения государственных (муниципальных) нужд | B73: 51 | C73: 0 | D73: 02 | E73: 851 | F73: 01 | G73: 13 | H73: 80900 | I73: 240 | J73: ='3.ВС'!J80 -> 547500 | K73: ='3.ВС'!K80 -> 0 | L73: ='3.ВС'!L80 -> 0
A74: Эксплуатация и содержание имущества, находящегося в муниципальной собственности, арендованного недвижимого имущества | B74: 51 | C74: 0 | D74: 02 | E74: 851 | F74: 01 | G74: 13 | H74: 80930 | J74: =J75 -> 352300 | K74: =K75 -> 352300 | L74: =L75 -> 352300
A75: Закупка товаров, работ и услуг для обеспечения государственных (муниципальных) нужд | B75: 51 | C75: 0 | D75: 02 | E75: 851 | F75: 01 | G75: 13 | H75: 80930 | I75: 200 | J75: =J76 -> 352300 | K75: =K76 -> 352300 | L75: =L76 -> 352300
A76: Иные закупки товаров, работ и услуг для обеспечения государственных (муниципальных) нужд | B76: 51 | C76: 0 | D76: 02 | E76: 851 | F76: 01 | G76: 13 | H76: 80930 | I76: 240 | J76: ='3.ВС'!J83 -> 352300 | K76: ='3.ВС'!K83 -> 352300 | L76: ='3.ВС'!L83 -> 352300
A77: Уплата взносов на капитальный ремонт многоквартирных домов за объекты муниципальной казны и имущества, закрепленного за органами местного самоуправления | B77: 51 | C77: 0 | D77: 02 | E77: 851 | F77: 05 | G77: 01 | H77: 81830 | J77: =J78 -> 210041.88 | K77: =K78 -> 164495.22 | L77: =L78 -> 164495.22
A78: Закупка товаров, работ и услуг для обеспечения государственных (муниципальных) нужд | B78: 51 | C78: 0 | D78: 02 | E78: 851 | F78: 05 | G78: 01 | H78: 81830 | I78: 200 | J78: =J79 -> 210041.88 | K78: =K79 -> 164495.22 | L78: =L79 -> 164495.22
A79: Иные закупки товаров, работ и услуг для обеспечения государственных (муниципальных) нужд | B79: 51 | C79: 0 | D79: 02 | E79: 851 | F79: 05 | G79: 01 | H79: 81830 | I79: 240 | J79: ='3.ВС'!J146 -> 210041.88 | K79: ='3.ВС'!K146 -> 164495.22 | L79: ='3.ВС'!L146 -> 164495.22
A80: Установление и описание местоположения границ территориальных зон | B80: 51 | C80: 0 | D80: 02 | E80: 851 | F80: 05 | G80: 01 | H80: S3430 | J80: =J81 -> 0 | K80: =K81 -> 0 | L80: =L81 -> 0
A81: Закупка товаров, работ и услуг для обеспечения государственных (муниципальных) нужд | B81: 51 | C81: 0 | D81: 02 | E81: 851 | F81: 05 | G81: 01 | H81: S3430 | I81: 200 | J81: =J82 -> 0 | K81: =K82 -> 0 | L81: =L82 -> 0
A82: Иные закупки товаров, работ и услуг для обеспечения государственных (муниципальных) нужд | B82: 51 | C82: 0 | D82: 02 | E82: 851 | F82: 05 | G82: 01 | H82: S3430 | I82: 240 | J82: ='3.ВС'!J138 -> 0 | K82: ='3.ВС'!K138 -> 0 | L82: ='3.ВС'!L138 -> 0
A83: Повышение качества и доступности предоставления муниципальных услуг в Клетнянском районе | B83: 51 | C83: 0 | D83: 03 | J83: =J84 -> 5044100 | K83: =K84 -> 5044100 | L83: =L84 -> 5044100
A84: Администрация Клетнянского района | B84: 51 | C84: 0 | D84: 03 | E84: 851 | J84: =J85 -> 5044100 | K84: =K85 -> 5044100 | L84: =L85 -> 5044100
A85: Многофункциональные центры предоставления государственных и муниципальных услуг | B85: 51 | C85: 0 | D85: 03 | E85: 851 | F85: 01 | G85: 13 | H85: 80710 | J85: =J86 -> 5044100 | K85: =K86 -> 5044100 | L85: =L86 -> 5044100
A86: Предоставление субсидий бюджетным, автономным учреждениям и иным некоммерческим организациям | B86: 51 | C86: 0 | D86: 03 | E86: 851 | F86: 01 | G86: 13 | H86: 80710 | I86: 600 | J86: =J87 -> 5044100 | K86: =K87 -> 5044100 | L86: =L87 -> 5044100
A87: Субсидии бюджетным учреждениям | B87: 51 | C87: 0 | D87: 03 | E87: 851 | F87: 01 | G87: 13 | H87: 80710 | I87: 610 | J87: ='3.ВС'!J86 -> 5044100 | K87: ='3.ВС'!K86 -> 5044100 | L87: ='3.ВС'!L86 -> 5044100
A88: Обеспечение реализации отдельных государственных полномочий Брянской области, включая переданные на муниципальный уровень полномочия | B88: 51 | C88: 0 | D88: 04 | J88: =J89 -> 1163789 | K88: =K89 -> 1253013 | L88: =L89 -> 1593506
A89: Администрация Клетнянского района | B89: 51 | C89: 0 | D89: 04 | E89: 851 | J89: =J95+J90 -> 1163789 | K89: =K95+K90 -> 1253013 | L89: =L95+L90 -> 1593506
A90: Осуществление первичного воинского учета органами местного самоуправления поселений, муниципальных и городских округов | B90: 51 | C90: 0 | D90: 04 | E90: 851 | F90: 02 | G90: 03 | H90: 51180 | J90: =J91+J93 -> 1119810 | K90: =K91+K93 -> 1248705 | L90: =L91+L93 -> 1588844
A91: Расходы на выплаты персоналу в целях обеспечения выполнения функций государственными (муниципальными) органами, казенными учреждениями, органами управления государственными внебюджетными фондами | B91: 51 | C91: 0 | D91: 04 | E91: 851 | F91: 02 | G91: 03 | H91: 51180 | I91: 100 | J91: =J92 -> 940709 | K91: =K92 -> 1132382 | L91: =L92 -> 1262582
A92: Расходы на выплаты персоналу государственных (муниципальных) органов | B92: 51 | C92: 0 | D92: 04 | E92: 851 | F92: 02 | G92: 03 | H92: 51180 | I92: 120 | J92: ='3.ВС'!J91 -> 940709 | K92: ='3.ВС'!K91 -> 1132382 | L92: ='3.ВС'!L91 -> 1262582
A93: Закупка товаров, работ и услуг для обеспечения государственных (муниципальных) нужд | B93: 51 | C93: 0 | D93: 04 | E93: 851 | F93: 02 | G93: 03 | H93: 51180 | I93: 200 | J93: =J94 -> 179101 | K93: =K94 -> 116323 | L93: =L94 -> 326262
A94: Иные закупки товаров, работ и услуг для обеспечения государственных (муниципальных) нужд | B94: 51 | C94: 0 | D94: 04 | E94: 851 | F94: 02 | G94: 03 | H94: 51180 | I94: 240 | J94: ='3.ВС'!J93 -> 179101 | K94: ='3.ВС'!K93 -> 116323 | L94: ='3.ВС'!L93 -> 326262
A95: Осуществление полномочий по составлению (изменению) списков кандидатов в присяжные заседатели федеральных судов общей юрисдикции в Российской Федерации | B95: 51 | C95: 0 | D95: 04 | E95: 851 | F95: 01 | G95: 05 | H95: 51200 | J95: =J96 -> 43979 | K95: =K96 -> 4308 | L95: =L96 -> 4662
A96: Закупка товаров, работ и услуг для обеспечения государственных (муниципальных) нужд | B96: 51 | C96: 0 | D96: 04 | E96: 851 | F96: 01 | G96: 05 | H96: 51200 | I96: 200 | J96: =J97 -> 43979 | K96: =K97 -> 4308 | L96: =L97 -> 4662
A97: Иные закупки товаров, работ и услуг для обеспечения государственных (муниципальных) нужд | B97: 51 | C97: 0 | D97: 04 | E97: 851 | F97: 01 | G97: 05 | H97: 51200 | I97: 240 | J97: ='3.ВС'!J73 -> 43979 | K97: ='3.ВС'!K73 -> 4308 | L97: ='3.ВС'!L73 -> 4662
A98: Повышение защиты населения и территории Клетнянского района от чрезвычайных ситуаций природного и техногенного характера | B98: 51 | C98: 0 | D98: 05 | J98: =J99 -> 6969400 | K98: =K99 -> 5897800 | L98: =L99 -> 5897800
A99: Администрация Клетнянского района | B99: 51 | C99: 0 | D99: 05 | E99: 851 | J99: =J100+J107 -> 6969400 | K99: =K100+K107 -> 5897800 | L99: =L100+L107 -> 5897800
A100: Единые дежурно-диспетчерские службы | B100: 51 | C100: 0 | D100: 05 | E100: 851 | F100: 03 | G100: 09 | H100: 80700 | J100: =J101+J103+J105 -> 5939100 | K100: =K101+K103+K105 -> 5597800 | L100: =L101+L103+L105 -> 5597800
...

Sheet ОМ ПСР
A3: Ведомственная структура расходов бюджета Клетнянского муниципального района Брянской области на 2021 год и на плановый период 2022 и 2023 годов
I4: 2020 | N4: 2024
A5: Наименование | E5: Гл | F5: Рз | G5: Пр | H5: ЦСР | I5: МП | J5: ПП | K5: ОМ | L5: НР | N5: МП | O5: код типа структурного элемента | P5: код структурного элемента | Q5: НР
A6: Администрация Клетнянского района | E6: 851
A7: Обеспечение эффективной деятельности главы и аппарата исполнительно-распорядительного органа муниципального образования | P7: 01
A8: Профилактика безнадзорности и правонарушений несовершеннолетних, организация деятельности административных комиссий и определение перечня должностных лиц органов местного самоуправления, уполномоченных составлять протоколы об административных правонарушениях | E8: 851 | F8: 01 | G8: 13 | H8: 51 0 11 12020 | I8: 51 | J8: 0 | K8: 11 | L8: 12020 | M8: 51 4 01 12020 | N8: 51 | O8: 4 | P8: 01 | Q8: 12020
A9: Осуществление отдельных полномочий в области охраны труда и уведомительной регистрации территориальных соглашений и коллективных договоров | E9: 851 | F9: 04 | G9: 12 | H9: 51 0 11 17900 | I9: 51 | K9: 11 | L9: 17900 | N9: 51 | O9: 4 | P9: 01 | Q9: 17900
A10: Проведение Всероссийской переписи населения 2020 года | E10: 851 | F10: 01 | G10: 13 | H10: 51 0 11 54690 | I10: 51 | J10: 0 | K10: 11 | L10: 54690 | N10: 51 | O10: 4 | P10: 01 | Q10: 54690
A11: Обеспечение деятельности главы местной администрации (исполнительно-распорядительного органа муниципального образования) | E11: 851 | F11: 01 | G11: 04 | H11: 51 0 11 80020 | I11: 51 | J11: 0 | K11: 11 | L11: 80020 | M11: 51 4 01 80020 | N11: 51 | O11: 4 | P11: 01 | Q11: 80020 | R11: 4 | S11: основные мероприятия муниципальных программ | X11: 01 | Y11: Создание условий для эффективной деятельности главы и аппарата исполнительно-распорядительного органа муниципального образования
A12: Руководство и управление в сфере установленных функций органов местного самоуправления | E12: 851 | F12: 01 | G12: 04 | H12: 51 0 11 80040 | I12: 51 | J12: 0 | K12: 11 | L12: 80040 | M12: 51 4 01 80040 | N12: 51 | O12: 4 | P12: 01 | Q12: 80040 | R12: 4 | X12: 01
A13: Информационное освещение деятельности органов местного самоуправления | E13: 851 | F13: 01 | G13: 04 | H13: 51 0 11 80070 | I13: 51 | J13: 0 | K13: 11 | L13: 80070 | M13: 51 0 01 80070 | N13: 51 | O13: 4 | P13: 01 | Q13: 80070
A14: Опубликование нормативных правовых актов муниципальных образований и иной официальной информации | E14: 851 | F14: 01 | G14: 04 | H14: 51 0 11 80100 | I14: 51 | J14: 0 | K14: 11 | L14: 80100 | M14: 51 0 01 80100 | N14: 51 | O14: 4 | P14: 01 | Q14: 80100
A15: Членские взносы некоммерческим организациям | E15: 851 | F15: 01 | G15: 04 | H15: 51 0 11 81410 | I15: 51 | J15: 0 | K15: 11 | L15: 81410 | M15: 51 4 01 81410 | N15: 51 | O15: 4 | P15: 01 | Q15: 81410 | R15: 4 | X15: 01
A16: Повышение энергетической эффективности и обеспечения энергосбережения | E16: 851 | F16: 01 | G16: 13 | H16: 51 0 11 83260 | I16: 51 | J16: 0 | K16: 11 | L16: 83260 | N16: 51 | O16: 4 | P16: 01 | Q16: 83260
A17: Реализация переданных полномочий по решению отдельных вопросов местного значения поселений в соответствии с заключенными соглашениями в части формирования архивных фондов поселений | E17: 851 | F17: 01 | G17: 04 | H17: 51 0 11 84220 | I17: 51 | J17: 0 | K17: 11 | L17: 84220 | M17: 51 4 01 84220 | N17: 51 | O17: 4 | P17: 01 | Q17: 84220 | R17: 4 | X17: 01
A18: Профилактика безнадзорности и правонарушений несовершеннолетних, организация деятельности административных комиссий и определение перечня должностных лиц органов местного самоуправления, уполномоченных составлять протоколы об административных правонарушениях | E18: 851 | F18: 10 | G18: 06 | H18: 51 0 11 12020 | I18: 51 | K18: 11 | L18: 12020 | N18: 51 | O18: 4 | P18: 01 | Q18: 12020
A19: Эксплуатация и содержание имущества, находящегося в муниципальной собственности, арендованного недвижимого имущества | E19: 851 | F19: 01 | G19: 13 | H19: 51 0 11 80930 | I19: 51 | J19: 0 | K19: 11 | N19: 51 | O19: 0
A20: Закупка товаров, работ и услуг для обеспечения государственных (муниципальных) нужд | E20: 851 | F20: 01 | G20: 13 | H20: 51 0 11 80930
A21: Иные закупки товаров, работ и услуг для обеспечения государственных (муниципальных) нужд | E21: 851 | F21: 01 | G21: 13 | H21: 51 0 11 80930
A22: Бюджетные инвестиции в объекты капитального строительства муниципальной собственности | E22: 851 | F22: 01 | G22: 13 | H22: 51 0 11 81680
A23: Капитальные вложения в объекты государственной (муниципальной) собственности | E23: 851 | F23: 01 | G23: 13 | H23: 51 0 11 81680
A24: Бюджетные инвестиции | E24: 851 | F24: 01 | G24: 13 | H24: 51 0 11 81680
A25: Обеспечение эффективного управления муниципальным имуществом | P25: 02
A26: Оценка имущества, признание прав и регулирование отношений муниципальной собственности | E26: 851 | F26: 01 | G26: 13 | H26: 51 0 11 80900 | I26: 51 | J26: 0 | K26: 11 | L26: 80900 | M26: 51 4 01 80900 | N26: 51 | O26: 4 | P26: 02 | Q26: 80900
A27: Мероприятия по землеустройству и землепользованию | E27: 851 | F27: 04 | G27: 12 | H27: 51 0 11 80910 | I27: 51 | K27: 11 | L27: 80910 | O27: 4 | P27: 02 | Q27: 80910
A28: Эксплуатация и содержание имущества казны муниципального образования | E28: 851 | F28: 01 | G28: 13 | H28: 51 0 11 80920 | I28: 51 | J28: 0 | K28: 11 | L28: 80920 | M28: 51 4 01 80920 | N28: 51 | O28: 4 | P28: 02 | Q28: 80920
A29: Эксплуатация и содержание имущества, находящегося в муниципальной собственности, арендованного недвижимого имущества | N29: 51 | O29: 4 | P29: 02 | Q29: 80930
A30: Уплата взносов на капитальный ремонт многоквартирных домов за объекты муниципальной казны и имущества, закрепленного за органами местного самоуправления | E30: 851 | F30: 05 | G30: 01 | H30: 51 0 31 81830 | I30: 51 | K30: 31 | L30: 81830 | N30: 51 | O30: 4 | P30: 02 | Q30: 81830
A31: Реализация переданных полномочий по решению отдельных вопросов местного значения муниципальных районов в соответствии с заключенными соглашениями на утверждение генеральных планов поселения, правил землепользования и застройки, утверждение подготовленной на основе генеральных планов поселения документации по планировке территорий | E31: 851 | F31: 04 | G31: 12 | H31: 51 0 11 83750 | I31: 51 | K31: 11 | L31: 83750 | N31: 51 | O31: 4 | P31: 02 | Q31: 83750
A32: Повышение качества и доступности предоставления муниципальных услуг в Клетнянском районе | P32: 03
A33: Многофункциональные центры предоставления государственных и муниципальных услуг | E33: 851 | F33: 01 | G33: 13 | H33: 51 0 14 80710 | I33: 51 | J33: 0 | K33: 14 | L33: 80710 | N33: 51 | O33: 4 | P33: 03 | Q33: 80710 | S33: 51 4 02 80710 | X33: 02
A34: Повышение качества и доступности предоставления государственных и муниципальных услуг | E34: 851 | F34: 01 | G34: 13 | H34: 51 0 14 S8640 | I34: 51 | J34: 0 | K34: 14 | L34: 8640 | N34: 51 | O34: 4 | P34: 03 | Q34: S8640
A35: Обеспечение реализации отдельных государственных полномочий Брянской области, включая переданные на муниципальный уровень полномочия | P35: 04
A36: Осуществление первичного воинского учета на территориях, где отсутствуют военные комиссариаты | E36: 851 | F36: 02 | G36: 03 | H36: 51 0 15 51180 | I36: 51 | J36: 0 | K36: 15 | L36: 51180 | N36: 51 | O36: 4 | P36: 04 | Q36: 51180 | X36: 03
A37: Осуществление полномочий по составлению (изменению) списков кандидатов в присяжные заседатели федеральных судов общей юрисдикции в Российской Федерации | E37: 851 | F37: 01 | G37: 05 | H37: 51 0 41 51200 | M37: 51 4 02 51200 | N37: 51 | O37: 4 | P37: 04 | Q37: 51200 | R37: 4
A38: Повышение защиты населения и территории Клетнянского района от чрезвычайных ситуаций природного и техногенного характера | P38: 05
A39: Единые дежурно-диспетчерские службы | E39: 851 | F39: 03 | G39: 10 | H39: 51 0 12 80700 | I39: 51 | J39: 0 | K39: 12 | L39: 80700 | N39: 51 | O39: 4 | P39: 05 | Q39: 80700 | X39: 04
A40: Оповещение населения об опасностях, возникающих при ведении военных действий и возникновении чрезвычайных ситуаций | E40: 851 | F40: 03 | G40: 10 | H40: 51 0 12 81200 | I40: 51 | J40: 0 | K40: 12 | L40: 81200 | N40: 51 | O40: 4 | P40: 05 | Q40: 81200
A41: Предупреждение и ликвидация заразных и иных болезней | P41: 06
A42: Организация проведения на территории Брянской области мероприятий по предупреждению и ликвидации болезней животных, их лечению, защите населения от болезней, общих для человека и животных, в части оборудования и содержания скотомогильников (биотермических ям) и по организации мероприятий при осуществлении деятельности по обращению с животными без владельцев | E42: 851 | F42: 04 | G42: 05 | H42: 51 0 21 12510 | I42: 51 | J42: 0 | K42: 21 | L42: 12510 | N42: 51 | O42: 4 | P42: 06 | Q42: 12510 | X42: 05
A43: Обеспечение устойчивой работы и развития автотранспортного комплекса | P43: 07
A44: Компенсация транспортным организациям части потерь в доходах и (или) возмещение затрат, возникающих в результате регулирования тарифов на перевозку пассажиров пассажирским транспортом по муниципальным маршрутам регулярных перевозок | E44: 851 | F44: 04 | G44: 08 | H44: 51 0 51 81630 | I44: 51 | J44: 0 | K44: 51 | L44: 81630 | N44: 51 | O44: 4 | P44: 07 | Q44: 81630 | X44: 06
A45: Уплата налогов, сборов и иных обязательных платежей | E45: 851 | F45: 04 | G45: 08 | H45: 51 0 51 83360 | I45: 51 | K45: 51 | L45: 83360 | N45: 51 | O45: 4 | P45: 07 | Q45: 83360
A46: Развитие транспортной инфраструктуры на сельских территориях | E46: 851 | F46: 04 | G46: 09 | N46: 51 | O46: 2 | P46: 07 | Q46: R3720
A48: Повышение эффективности и безопасности функционирования автомобильных дорог общего пользования местного значения | P48: 08
A49: Реализация переданных полномочий по решению отдельных вопросов местного значения муниципальных районов в соответствии с заключенными соглашениями на дорожную деятельность в отношении автомобильных дорог местного значения в границах населенных пунктов поселения и обеспечение безопасности дорожного движения на них, включая создание и обеспечение функционирования парковок (парковочных мест), осуществление муниципального контроля за сохранностью автомобильных дорог местного значения в границах населенных пунктов поселений, а также осуществление иных полномочий в области использования автомобильных дорог и осуществление дорожной деятельности | E49: 851 | F49: 04 | G49: 09 | H49: 51 0 61 83740 | I49: 51 | K49: 61 | L49: 83740 | N49: 51 | O49: 4 | P49: 08 | Q49: 83740
A50: Содействие реформированию жилищно-коммунального хозяйства; создание благоприятных условий проживания граждан | P50: 09
A51: Бюджетные инвестиции в объекты капитального строительства муниципальной собственности | E51: 851 | F51: 05 | G51: 02 | H51: 51 0 31 81680 | I51: 51 | K51: 31 | L51: 81680 | N51: 51 | O51: 4 | P51: 09 | Q51: 81680
A52: Мероприятия в сфере коммунального хозяйства | E52: 851 | F52: 05 | G52: 02 | H52: 51 0 31 81740 | K52: 31 | L52: 81740 | N52: 51 | O52: 4 | P52: 09 | Q52: 81740
A53: Мероприятия в сфере жилищного хозяйства | E53: 851 | F53: 05 | G53: 01 | H53: 51 0 31 81750 | I53: 51 | K53: 31 | L53: 81750 | N53: 51 | O53: 4 | P53: 09 | Q53: 81750
A54: Подготовка объектов ЖКХ к зиме | E54: 851 | F54: 05 | G54: 02 | H54: 51 0 31 81800 | K54: 31 | L54: 81800 | N54: 51 | O54: 4 | P54: 09 | Q54: 81800
A55: Реализация переданных полномочий по решению отдельных вопросов местного значения муниципальных районов в соответствии с заключенными соглашениями в сфере электро-, тепло-, газо- и водоснабжения населения, водоотведения, снабжения населения топливом | E55: 851 | F55: 05 | G55: 02 | H55: 51 0 31 83710 | K55: 31 | L55: 83710 | N55: 51 | O55: 4 | P55: 09 | Q55: 83710
A56: Реализация переданных полномочий по решению отдельных вопросов местного значения муниципальных районов в соответствии с заключенными соглашениями в части обеспечения проживающих в поселении и нуждающихся в жилых помещениях малоимущих граждан жилыми помещениями, организация содержания муниципального жилищного фонда | E56: 851 | F56: 05 | G56: 01 | H56: 51 0 31 83760 | I56: 51 | K56: 31 | L56: 83760 | N56: 51 | O56: 4 | P56: 09 | Q56: 83760
A57: Устойчивое развитие сельских территорий | E57: 851 | F57: 05 | G57: 02 | H57: 51 0 31 L5670 | N57: 51 | P57: 09
A58: Капитальные вложения в объекты государственной (муниципальной) собственности | E58: 851 | F58: 05 | G58: 02 | H58: 51 0 31 L5670 | N58: 51 | P58: 09
A59: Бюджетные инвестиции | E59: 851 | F59: 05 | G59: 02 | H59: 51 0 31 L5670 | I59: 51
A60: Софинансирование объектов капитальных вложений муниципальной собственности | E60: 851 | F60: 05 | G60: 02 | H60: 51 0 31 S1270 | I60: 51 | K60: 31 | L60: S1270 | N60: 51 | O60: 4 | P60: 09 | Q60: S1270
A61: Подготовка объектов жилищно-коммунального хозяйства к зиме | E61: 851 | F61: 05 | G61: 02 | H61: 51 0 31 S3450 | I61: 51 | K61: 31 | L61: S3450 | N61: 51 | O61: 4 | P61: 09 | Q61: S3450
A62: Реализация мероприятий по проведению работ по ремонту, реставрации, благоустройству воинских захоронений | P62: 10
A63: Реализация федеральной целевой программы "Увековечение памяти погибших при защите Отечества на 2019 - 2024 годы" | E63: 851 | F63: 05 | G63: 03 | H63: 51 0 71 L2990 | I63: 51 | K63: 71 | L63: L2990 | N63: 51 | O63: 4 | P63: 10 | Q63: L2990
A64: Повышение доступности и качества предоставления дополнительного образования детей | P64: 11
A65: Организации дополнительного образования | E65: 851 | F65: 07 | G65: 03 | H65: 51 0 81 80320 | I65: 51 | K65: 81 | L65: 80320 | N65: 51 | O65: 4 | P65: 11 | Q65: 80320
A66: Мероприятия по развитию образования | E66: 851 | F66: 07 | G66: 03 | H66: 51 0 81 82330 | K66: 81 | L66: 82330 | N66: 51 | O66: 4 | P66: 11 | Q66: 82330
A67: Мероприятия по комплексной безопасности муниципальных учреждений | E67: 851 | F67: 07 | G67: 03 | H67: 51 0 81 82430 | K67: 81 | L67: 82430 | N67: 51 | O67: 4 | P67: 11 | Q67: 82430
A68: Реализация мер государственной поддержки работников образования | P68: 12
A69: Осуществление отдельных полномочий в сфере образования (предоставление мер социальной поддержки педагогическим работникам и специалистам образовательных организаций (за исключением педагогических работников), работающим в сельских населенных пунктах и поселках городского типа на территории Брянской области) | E69: 851 | F69: 07 | G69: 03 | H69: 51 0 82 14723 | I69: 51 | K69: 82 | L69: 14723 | O69: 4 | P69: 12 | Q69: 14723
A70: Региональный проект | P70: G5
A71: Софинансирование объектов капитальных вложений муниципальной собственности | E71: 851 | F71: 05 | G71: 05 | H71: 51 0 G5 11270 | I71: 51 | K71: G5 | L71: 11270 | N71: 51 | O71: 1 | P71: G5 | Q71: 11270
A72: Региональный проект | P72: F5
A73: Строительство и реконструкция (модернизация) объектов питьевого водоснабжения | E73: 851 | F73: 05 | G73: 05 | H73: 51 0 F5 52430 | I73: 51 | K73: F5 | L73: 52430 | N73: 51 | O73: 1 | P73: F5 | Q73: 52430
A74: Подпрограмма "Культура" Клетнянского района | O74: 2
A75: Реализация мер государственной поддержки работников культуры | P75: 13
A76: Предоставление мер социальной поддержки по оплате жилья и коммунальных услуг отдельным категориям граждан, работающих в учреждениях культуры, находящихся в сельской местности или поселках городского типа на территории Брянской области | E76: 851 | F76: 08 | G76: 01 | H76: 51 2 11 14210 | K76: 11 | L76: 14210 | N76: 51 | O76: 4 | P76: 13 | Q76: 14210
A77: Обеспечение свободы творчества и прав граждан на участие в культурной жизни, на равный доступ к культурным ценностям | P77: 14
A78: Библиотеки | E78: 851 | F78: 08 | G78: 01 | H78: 51 2 11 80450 | K78: 11 | L78: 80450 | N78: 51 | O78: 4 | P78: 14 | Q78: 80450
A79: Дворцы и дома культуры, клубы, выставочные залы | E79: 851 | F79: 08 | G79: 01 | H79: 51 2 11 80480 | K79: 11 | L79: 80480 | N79: 51 | O79: 4 | P79: 14 | Q79: 80480
A80: Мероприятия по развитию культуры | E80: 851 | F80: 08 | G80: 01 | H80: 51 2 11 82400 | K80: 11 | L80: 82400 | N80: 51 | O80: 4 | P80: 14 | Q80: 82400
A81: Реализация переданных полномочий по решению отдельных вопросов местного значения поселений в соответствии с заключенными соглашениями по созданию условий для организации досуга и обеспечения жителей поселений услугами организаций культуры | E81: 851 | F81: 08 | G81: 01 | H81: 51 2 11 84260 | I81: 51 | K81: 11 | L81: 84260 | N81: 51 | O81: 4 | P81: 14 | Q81: 84260
A82: Обеспечение развития и укрепления материально-технической базы муниципальных домов культуры в населенных пунктах с числом жителей до 50 тысяч человек | E82: 851 | F82: 08 | G82: 01 | H82: 51 2 11 L4670 | I82: 51 | K82: 11 | L82: L4670 | N82: 51 | O82: 4 | P82: 14 | Q82: L4670
A83: Поддержка отрасли культуры | E83: 851 | F83: 08 | G83: 01 | H83: 51 2 11 L5190 | I83: 51 | K83: 11 | L83: L5190 | N83: 51 | O83: 4 | P83: 141 | Q83: L5190
A84: Государственная поддержка отрасли культуры за счет средств резервного фонда Правительства Российской Федерации | B84: 51 | C84: 2 | D84: 11 | E84: 851 | F84: 08 | G84: 01 | H84: 51 1 11 L519F | I84: 51 | K84: 11 | L84: L519F | N84: 51 | O84: 4 | P84: 14 | Q84: L519F
A85: Отдельные мероприятия по развитию культуры, культурного наследия, туризма, обеспечению устойчивого развития социально-культурных составляющих качества жизни | E85: 851 | F85: 08 | G85: 01 | H85: 51 2 11 S4240 | I85: 51 | K85: 11 | L85: S4240 | N85: 51 | O85: 4 | P85: 14 | Q85: S4240
A86: Обеспечение сохранности и использование объектов культурного наследия, популяризация объектов культурного наследия | P86: 15
A87: Мероприятия по охране, сохранению и популяризации культурного наследия | E87: 851 | F87: 08 | G87: 01 | H87: 51 2 11 82410 | I87: 51 | K87: 11 | L87: 82410 | N87: 51 | O87: 4 | P87: 15 | Q87: 82410
A88: Региональный проект "Творческие люди (Брянская область)" | P88: А2
A89: Государственная поддержка отрасли культуры | E89: 851 | F89: 08 | G89: 01 | H89: 51 2 А2 55190 | I89: 51 | K89: A2 | L89: 55190 | N89: 51 | O89: 1 | P89: A2 | Q89: 55190
A90: Подпрограмма "Комплексные меры противодействия злоупотреблению наркотиками и их незаконному обороту" | O90: 3
A91: Укрепление общественной безопасности, вовлечение в эту деятельность государственных и муниципальных органов, общественных формирований и населения | P91: 16
A92: Противодействие злоупотреблению наркотиками и их незаконному обороту | E92: 851 | F92: 08 | G92: 04 | H92: 51 3 11 81150 | I92: 51 | K92: 11 | L92: 81150 | N92: 51 | O92: 4 | P92: 16 | Q92: 81150
A93: Подпрограмма "Социальная политика Клетнянского района" | O93: 5
A94: Осуществление мер улучшению положения отдельных категорий граждан | P94: 17
A95: Выплата муниципальных пенсий (доплат к государственным пенсиям) | E95: 851 | F95: 10 | G95: 01 | H95: 51 5 11 82450 | I95: 51 | K95: 11 | L95: 82450 | N95: 51 | O95: 4 | P95: 17 | Q95: 82450
A96: Защита прав и законных интересов несовершеннолетних, лиц из числа детей-сирот и детей, оставшихся без попечения родителей | P96: 18
A97: Предоставление жилых помещений детям-сиротам и детям, оставшимся без попечения родителей, лицам из их числа по договорам найма специализированных жилых помещений | N97: 51 | O97: 4 | P97: 18 | Q97: 50820
A98: Предоставление жилых помещений детям-сиротам и детям, оставшимся без попечения родителей, лицам из их числа по договорам найма специализированных жилых помещений | E98: 851 | F98: 10 | G98: 04 | H98: 51 5 12 R0820 | I98: 51 | K98: 12 | L98: R0820 | N98: 51 | O98: 4 | P98: 18 | Q98: R0820
A99: Подпрограмма "Обеспечение жильем молодых семей Клетнянского района" | O99: 6
A100: Осуществление муниципальной поддержки молодых семей в улучшении жилищных условий | P100: 19
A101: Реализация мероприятий по обеспечению жильем молодых семей | E101: 851 | F101: 10 | G101: 04 | H101: 51 6 11 L4970 | I101: 51 | K101: 11 | L101: L4970 | N101: 51 | O101: 4 | P101: 19 | Q101: L4970
A102: Подпрограмма "Развитие молодежной политики, физической культуры и спорта Клетнянского района" | O102: 4
A103: Региональный проект "Спорт - норма жизни" | P103: Р5
...

Sheet субс,субв
B2: Сумма на 2025 год, рублей
A3: Иные межбюджетные трансферты всего | B3: =B4+B15 -> 6676468
A4: Межбюджетные трансферты, передаваемые бюджетам муниципальных районов из бюджетов поселений на осуществление части полномочий по решению вопросов местного значения в соответствии с заключенными соглашениями: | B4: 5894800
A5: − по формированию архивных фондов поселений | B5: 2500
A6: - в части осуществления муниципального земельного контроля в границах поселений | B6: 600
A7: - в части осуществления муниципального жилищного контроля | B7: 600
A8: - в части осуществления муниципального контроля на автомобильном транспорте, городском наземном электрическом транспорте и в дорожном хозяйстве в границах населенных пунктов поселения | B8: 600
A9: - в части осуществления муниципального контроля в сфере благоустройства | B9: 2100
A10: −по осуществлению внешнего муниципального контроля | B10: 18000
A11: −по осуществлению внутреннего муниципального контроля | B11: 2400
A12: −по обеспечению населения услугами учреждений культуры (на обеспечение деятельности клубных учреждений) | B12: 5110400
A13: −по обеспечению населения услугами учреждений культуры (проведение праздничных мероприятий) | B13: 489600
A14: −в области физической культуры и спорта | B14: 268000
A15: Прочие межбюджетные трансферты, передаваемые бюджетам муниципальных районов всего, из них: | B15: =B16+B17 -> 781668
A16: - из бюджета Клетнянского городского поселения на осуществление первичного воинского учета на территориях, где отсутствуют военные комиссариаты | B16: 781468
A17: - из бюджета Клетнянского городского поселения на осуществление отдельных государственных полномочий Брянской области по определению перечня должностных лиц органов местного самоуправления, уполномоченных составлять протоколы об административных правонарушениях | B17: 200
A19: Наименование | B19: 2026 год | C19: 2027 год | D19: 2028 год
A20: Выплата муниципальных пенсий (доплат к государственным пенсиям) | B20: ='3.ВС'!J226 -> 5195250 | C20: ='3.ВС'!K226 -> 5195250 | D20: ='3.ВС'!L226 -> 5195250
A21: Реализация мероприятий по обеспечению жильем молодых семей | B21: ='3.ВС'!J235 -> 6407641.8 | C21: ='3.ВС'!K235 -> 5949953.1 | D21: ='3.ВС'!L235 -> 5949953.1
A22: Организация и осуществление деятельности по опеке и попечительству (выплата ежемесячных денежных средств на содержание и проезд ребенка, переданного на воспитание в семью опекуна (попечителя), приемную семью, вознаграждения приемным родителям) | B22: ='3.ВС'!J357 -> 4781666 | C22: ='3.ВС'!K357 -> 4781666 | D22: ='3.ВС'!L357 -> 4781666
A23: Компенсация части родительской платы за присмотр и уход за детьми в образовательных организациях, реализующих образовательную программу дошкольного образования | B23: ='3.ВС'!J351 -> 1178278 | C23: ='3.ВС'!K351 -> 1178278 | D23: ='3.ВС'!L351 -> 1178278
A24: Обеспечение сохранности жилых помещений, закрепленных за детьми-сиротами и детьми, оставшимися без попечения родителей | B24: ='3.ВС'!J352 -> 128000 | C24: ='3.ВС'!K352 -> 128000 | D24: ='3.ВС'!L352 -> 128000
A25: Осуществление отдельных полномочий в сфере образования (предоставление мер социальной поддержки педагогическим работникам и специалистам образовательных организаций (за исключением педагогических работников), работающим в сельских населенных пунктах и поселках городского типа на территории Брянской области) | B25: ='3.ВС'!J347 -> 1411200 | C25: ='3.ВС'!K347 -> 1411200 | D25: ='3.ВС'!L347 -> 1411200
A26: Всего | B26: =SUM(B20:B25) -> 19102036 | C26: =SUM(C20:C25) -> 18644347 | D26: =SUM(D20:D25) -> 18644347

Sheet Лист5
A1: Направление расходов | B1: 2025 год | D1: 2026 год | F1: 2027 год
B2: объем, тыс. рублей | C2: доля в общем объеме | D2: объем, тыс. рублей | E2: доля в общем объеме | F2: объем, тыс. рублей | G2: доля в общем объеме
A3: Общегосударственные вопросы | B3: 49661.2 | C3: =B3/I3 -> 0.084735982 | D3: 47831.9 | E3: =D3/J3 -> 0.12623299 | F3: 47795 | G3: =F3/H3 -> 0.12326225 | H3: 387750.5 | I3: 586069.8 | J3: 378917.6
A4: Национальная оборона | B4: 781.5 | C4: =B4/I4 -> 0.0013334589 | D4: 856.9 | E4: =D4/J4 -> 0.0022614415 | F4: 888.1 | G4: =F4/H4 -> 0.0022903903 | H4: 387750.5 | I4: 586069.8 | J4: 378917.6
A5: Национальная безопасность и правоохранительная деятельность | B5: 4773.9 | C5: =B5/I5 -> 0.0081456168 | D5: 4773.9 | E5: =D5/J5 -> 0.012598781 | F5: 4773.9 | G5: =F5/H5 -> 0.012311783 | H5: 387750.5 | I5: 586069.8 | J5: 378917.6
A6: Национальная экономика | B6: 16564.2 | C6: =B6/I6 -> 0.028263186 | D6: 16596.6 | E6: =D6/J6 -> 0.043800024 | F6: 17952 | G6: =F6/H6 -> 0.046297813 | H6: 387750.5 | I6: 586069.8 | J6: 378917.6
A7: Жилищно-коммунальное хозяйство | B7: 311.3 | C7: =B7/I7 -> 0.0005311654 | D7: 75.8 | E7: =D7/J7 -> 0.00020004349 | F7: 75.8 | G7: =F7/H7 -> 0.00019548653 | H7: 387750.5 | I7: 586069.8 | J7: 378917.6
A8: Охрана окружающей среды | B8: 84 | C8: =B8/I8 -> 0.00014332764 | D8: 84 | E8: =D8/J8 -> 0.00022168408 | F8: 84 | G8: =F8/H8 -> 0.00021663415 | H8: 387750.5 | I8: 586069.8 | J8: 378917.6
A9: Образование | B9: 233011.1 | C9: =B9/I9 -> 0.39758251 | D9: 230124.3 | E9: =D9/J9 -> 0.60732017 | F9: 231478.7 | G9: =F9/H9 -> 0.59697847 | H9: 387750.5 | I9: 586069.8 | J9: 378917.6
A10: Культура, кинематография | B10: 35949.8 | C10: =B10/I10 -> 0.061340475 | D10: 30590.7 | E10: =D10/J10 -> 0.0807318 | F10: 30590.7 | G10: =F10/H10 -> 0.078892742 | H10: 387750.5 | I10: 586069.8 | J10: 378917.6
A11: Социальная политика | B11: 31560.7 | C11: =B11/I11 -> 0.053851435 | D11: 29307.5 | E11: =D11/J11 -> 0.077345312 | F11: 29635.5 | G11: =F11/H11 -> 0.076429302 | H11: 387750.5 | I11: 586069.8 | J11: 378917.6
A12: Физическая культура и спорт | B12: 205413.6 | C12: =B12/I12 -> 0.35049341 | D12: 8585.6 | E12: =D12/J12 -> 0.022658224 | F12: 8585.6 | G12: =F12/H12 -> 0.022142073 | H12: 387750.5 | I12: 586069.8 | J12: 378917.6
A13: Межбюджетные трансферты общего характера бюджетам бюджетной системы Российской Федерации | B13: 7958.5 | C13: =B13/I13 -> 0.013579441 | D13: 3958.5 | E13: =D13/J13 -> 0.010446862 | F13: 3958.5 | G13: =F13/H13 -> 0.010208884 | H13: 387750.5 | I13: 586069.8 | J13: 378917.6
A14: Условно утвержденные расходы | B14: 0 | C14: =B14/I14 -> 0 | D14: 6131.9 | E14: =D14/J14 -> 0.016182674 | F14: 11932.7 | G14: =F14/H14 -> 0.030774171 | H14: 387750.5 | I14: 586069.8 | J14: 378917.6
A15: ИТОГО: | B15: =SUM(B3:B14) -> 586069.8 | C15: =B15/I15 -> 1 | D15: =SUM(D3:D14) -> 378917.6 | E15: =D15/J15 -> 1 | F15: =SUM(F3:F14) -> 387750.5 | G15: =F15/H15 -> 1 | H15: 387750.5 | I15: 586069.8 | J15: 378917.6

Sheet Лист1
